Workbook
Name acctype: [1]Validation!$C$8:$C$16
Name BA_Demand_Deposits_Res_Ind: #REF!
Name BA_Demand_Deposits_Res_Ind: #REF!
Name BALACC: #REF!
Name BALACC: #REF!
Name call: [1]Validation!$E$8:$E$9
Name convert: [1]Validation!$F$8:$F$10
Name Countries: [1]Countries!$A$3:$A$500
Name currencies: '[1]Currency Codes'!$A$3:$A$166
Name dependency: [1]Validation!$B$8:$B$11
Name fintype: [1]Validation!$C$8:$C$12
Name L_FORMULAS_GEO: [2]ListSheet!$W$2:$W$15
Name LDtype: [1]Validation!$A$8:$A$13
Name NDtype: [1]Validation!$A$3:$A$4
Name sub: [1]Validation!$D$8:$D$9

Sheet BS
A2: ცხრილი N 1 – კომერციული ბანკების/მიკრობანკების ფინანსური მონაცემები საბალანსო უწყისის მიხედვით
B3: 46265
A5: N | B5: ბანკის/მიკრობანკის დასახელება | C5: წილი საბანკო სექტორში
C6: აქტივები | D6: საკრედიტო დაბანდება | E6: მთლიანი ვალდებულებები | F6: დეპოზიტები | G6: არასაბანკო იურიდიული და ფიზიკური პირების დეპოზიტები | H6: მ.შ. იურიდიულ პირთა დეპოზიტები | I6: მ.შ. ფიზიკურ პირთა დეპოზიტები | J6: სააქციო კაპიტალი
A7: =A32 -> 1 | B7: =B32 -> საქართველოს ბანკი | C7: =C32/C$31 -> 0.38897713 | D7: =E32/E$31 -> 0.38687737 | E7: =G32/G$31 -> 0.39389136 | F7: =H32/H$31 -> 0.40048579 | G7: =J32/J$31 -> 0.40410709 | H7: =K32/K$31 -> 0.33701507 | I7: =L32/L$31 -> 0.45226926 | J7: =O32/O$31 -> 0.36185265
A8: =A33 -> 2 | B8: =B33 -> თი–ბი–სი ბანკი | C8: =C33/C$31 -> 0.36176541 | D8: =E33/E$31 -> 0.36855908 | E8: =G33/G$31 -> 0.36465372 | F8: =H33/H$31 -> 0.36886903 | G8: =J33/J$31 -> 0.35322636 | H8: =K33/K$31 -> 0.37255676 | I8: =L33/L$31 -> 0.33934999 | J8: =O33/O$31 -> 0.34582314
A9: =A34 -> 3 | B9: =B34 -> ლიბერთი ბანკი | C9: =C34/C$31 -> 0.055447658 | D9: =E34/E$31 -> 0.05960976 | E9: =G34/G$31 -> 0.0584758 | F9: =H34/H$31 -> 0.065874701 | G9: =J34/J$31 -> 0.071599216 | H9: =K34/K$31 -> 0.074370569 | I9: =L34/L$31 -> 0.069609793 | J9: =O34/O$31 -> 0.038733592
A10: =A35 -> 4 | B10: =B35 -> ბაზის ბანკი | C10: =C35/C$31 -> 0.053472855 | D10: =E35/E$31 -> 0.042539141 | E10: =G35/G$31 -> 0.04926417 | F10: =H35/H$31 -> 0.051715291 | G10: =J35/J$31 -> 0.054434394 | H10: =K35/K$31 -> 0.068580727 | I10: =L35/L$31 -> 0.044279414 | J10: =O35/O$31 -> 0.076703029
A11: =A36 -> 5 | B11: =B36 -> კრედო ბანკი | C11: =C36/C$31 -> 0.036679288 | D11: =E36/E$31 -> 0.045624133 | E11: =G36/G$31 -> 0.037850566 | F11: =H36/H$31 -> 0.027492141 | G11: =J36/J$31 -> 0.031243554 | H11: =K36/K$31 -> 0.028447644 | I11: =L36/L$31 -> 0.033250605 | J11: =O36/O$31 -> 0.030214322
A12: =A37 -> 6 | B12: =B37 -> ტერა ბანკი | C12: =C37/C$31 -> 0.019643213 | D12: =E37/E$31 -> 0.021826634 | E12: =G37/G$31 -> 0.01980046 | F12: =H37/H$31 -> 0.018567679 | G12: =J37/J$31 -> 0.019691179 | H12: =K37/K$31 -> 0.025490881 | I12: =L37/L$31 -> 0.015527848 | J12: =O37/O$31 -> 0.018775278
A13: =A38 -> 7 | B13: =B38 -> პროკრედიტ ბანკი | C13: =C38/C$31 -> 0.019422304 | D13: =E38/E$31 -> 0.019881966 | E13: =G38/G$31 -> 0.019341006 | F13: =H38/H$31 -> 0.019414463 | G13: =J38/J$31 -> 0.021298946 | H13: =K38/K$31 -> 0.028515314 | I13: =L38/L$31 -> 0.016118659 | J13: =O38/O$31 -> 0.019871034
A14: =A39 -> 8 | B14: =B39 -> ქართუ ბანკი | C14: =C39/C$31 -> 0.019389535 | D14: =E39/E$31 -> 0.014942872 | E14: =G39/G$31 -> 0.017677942 | F14: =H39/H$31 -> 0.020855974 | G14: =J39/J$31 -> 0.022798267 | H14: =K39/K$31 -> 0.028513869 | I14: =L39/L$31 -> 0.018695309 | J14: =O39/O$31 -> 0.028836807
A15: =A40 -> 9 | B15: =B40 -> ხალიკ ბანკი | C15: =C40/C$31 -> 0.0099329968 | D15: =E40/E$31 -> 0.012688778 | E15: =G40/G$31 -> 0.008807973 | F15: =H40/H$31 -> 0.0044108706 | G15: =J40/J$31 -> 0.0031101937 | H15: =K40/K$31 -> 0.0033569696 | I15: =L40/L$31 -> 0.002933045 | J15: =O40/O$31 -> 0.016142655
A16: =A41 -> 10 | B16: =B41 -> იშ ბანკ | C16: =C41/C$31 -> 0.0067357877 | D16: =E41/E$31 -> 0.0041993097 | E16: =G41/G$31 -> 0.0062097092 | F16: =H41/H$31 -> 0.0055583335 | G16: =J41/J$31 -> 0.003277849 | H16: =K41/K$31 -> 0.0074067575 | I16: =L41/L$31 -> 0.00031390197 | J16: =O41/O$31 -> 0.0096395201
A17: =A42 -> 11 | B17: =B42 -> მიკრობანკი კრისტალი | C17: =C42/C$31 -> 0.0060275401 | D17: =E42/E$31 -> 0.0077813565 | E17: =G42/G$31 -> 0.0059232345 | F17: =H42/H$31 -> 0.00068552814 | G17: =J42/J$31 -> 0.00078823408 | H17: =K42/K$31 -> 7.037831e-05 | I17: =L42/L$31 -> 0.0013035486 | J17: =O42/O$31 -> 0.006603263
A18: =A43 -> 12 | B18: =B43 -> პაშაბანკი | C18: =C43/C$31 -> 0.0060155668 | D18: =E43/E$31 -> 0.0054237346 | E18: =G43/G$31 -> 0.0056100877 | F18: =H43/H$31 -> 0.005697148 | G18: =J43/J$31 -> 0.0042530277 | H18: =K43/K$31 -> 0.0073356815 | I18: =L43/L$31 -> 0.0020401371 | J18: =O43/O$31 -> 0.0082536411
... A25: =A50 -> 19 | B25: =B50 -> პეისერა | C25: =C50/C$31 -> 0.00011987565 | D25: =E50/E$31 -> 0 | E25: =G50/G$31 -> 7.7099781e-05 | F25: =H50/H$31 -> 3.8594771e-05 | G25: =J50/J$31 -> 4.0071604e-05 | H25: =K50/K$31 -> 7.1361169e-05 | I25: =L50/L$31 -> 1.7610315e-05 | J25: =O50/O$31 -> 0.00035598048
B26: =B31 -> კონსოლიდირებული | C26: =SUM(C7:C25) -> 1 | D26: =SUM(D7:D25) -> 1 | E26: =SUM(E7:E25) -> 1 | F26: =SUM(F7:F25) -> 1 | G26: =SUM(G7:G25) -> 1 | H26: =SUM(H7:H25) -> 1 | I26: =SUM(I7:I25) -> 1 | J26: =SUM(J7:J25) -> 1
B28: ათას ლარებში
A29: N | B29: ბანკის/მიკრობანკის დასახელება | C29: აქტივები | G29: ვალდებულებები | O29: კაპიტალი | R29: მოგება
C30: მთლიანი აქტივები | D30: ფულადი სახსრები | E30: საკრედიტო დაბანდება | F30: სესხების შესაძლო დანაკარგების რეზერვი | G30: მთლიანი ვალდებულებები | H30: სულ დეპოზიტები | I30: არასაბანკო ფინანსური ინსტიტუტების დეპოზიტები | J30: არასაბანკო იურიდიული და ფიზიკური პირების დეპოზიტები | K30: მ.შ. იურიდიულ პირთა დეპოზიტები | L30: მ.შ. ფიზიკურ პირთა დეპოზიტები | M30: სახელმწიფო ინსტიტუტებისა და სახელმწიფო კონტროლს დაქვემდებარებულ ორგანიზაციებიდან მოზიდული უზრუნველყოფილი დეპოზიტები | N30: ნასესხები სახსრები | O30: სააქციო კაპიტალი | P30: მ.შ.საწესდებო კაპიტალი | Q30: საზედამხედველო კაპიტალი | R30: =YEAR($B$3)&" წლის "&MONTH($B$3)&" თვის წმინდა მოგება" -> 2026 წლის 8 თვის წმინდა მოგება | S30: მოგება აქტივებზე ROA, გაწლიურებული | T30: მოგება კაპიტალზე ROE, გაწლიურებული
B31: კონსოლიდირებული | C31: 1.1519582e+11 | D31: 1.420653e+10 | E31: 7.8096731e+10 | F31: -1.2559218e+09 | G31: 9.7526612e+10 | H31: 7.809668e+10 | I31: 7.4804055e+09 | J31: 6.7920777e+10 | K31: 2.8382586e+10 | L31: 3.9538191e+10 | M31: 3.0089311e+09 | N31: 1.7142576e+10 | O31: 1.766921e+10 | P31: 1.400525e+09 | Q31: 1.9860939e+10 | R31: 2.5646206e+09 | S31: 0.034945969 | T31: 0.22882696
A32: 1 | B32: საქართველოს ბანკი | C32: 4.480854e+10 | D32: 4.0329769e+09 | E32: 3.0213858e+10 | F32: -3.6816945e+08 | G32: 3.841489e+10 | H32: 3.1276611e+10 | I32: 2.7003328e+09 | J32: 2.7447268e+10 | K32: 9.5653593e+09 | L32: 1.7881908e+10 | N32: 6.1286043e+09 | O32: 6.3936505e+09 | P32: 27993660 | Q32: 7.575563e+09 | R32: 1.2911404e+09 | S32: 0.044896521 | T32: 0.31036536
A33: 2 | B33: თი–ბი–სი ბანკი | C33: 4.1673863e+10 | D33: 5.1155621e+09 | E33: 2.878326e+10 | F33: -4.0623465e+08 | G33: 3.5563442e+10 | H33: 2.8807447e+10 | I33: 3.6904812e+09 | J33: 2.3991409e+10 | K33: 1.0574124e+10 | L33: 1.3417285e+10 | N33: 6.0191739e+09 | O33: 6.1104217e+09 | P33: 21015908 | Q33: 7.3406437e+09 | R33: 9.3685617e+08 | S33: 0.035383539 | T33: 0.23907835
A34: 3 | B34: ლიბერთი ბანკი | C34: 6.3873386e+09 | D34: 6.6353061e+08 | E34: 4.6553274e+09 | F34: -1.4528931e+08 | G34: 5.7029466e+09 | H34: 5.1445954e+09 | I34: 1.254077e+08 | J34: 4.8630744e+09 | K34: 2.1108291e+09 | L34: 2.7522453e+09 | M34: 0 | N34: 4.5869783e+08 | O34: 6.8439196e+08 | P34: 44490459 | Q34: 6.820937e+08 | R34: 80447610 | S34: 0.019295861 | T34: 0.17268091
A35: 4 | B35: ბაზის ბანკი | C35: 6.1598495e+09 | D35: 9.9447691e+08 | E35: 3.3221678e+09 | F35: -30915994 | G35: 4.8045676e+09 | H35: 4.0387925e+09 | I35: 3.41565e+08 | J35: 3.6972263e+09 | K35: 1.9464984e+09 | L35: 1.7507279e+09 | M35: 0 | N35: 7.0083307e+08 | O35: 1.3552819e+09 | P35: 30690893 | Q35: 8.4162046e+08 | R35: 97199481 | S35: 0.025876491 | T35: 0.13888071
A36: 5 | B36: კრედო ბანკი | C36: 4.2253007e+09 | D36: 5.4391387e+08 | E36: 3.5630957e+09 | F36: -1.0328718e+08 | G36: 3.6914375e+09 | H36: 2.1470449e+09 | I36: 0 | J36: 2.1220865e+09 | K36: 8.0741771e+08 | L36: 1.3146688e+09 | M36: 0 | N36: 1.4375184e+09 | O36: 5.338632e+08 | P36: 5303030 | Q36: 6.4967267e+08 | R36: 57573583 | S36: 0.021528148 | T36: 0.17218344
A37: 6 | B37: ტერა ბანკი | C37: 2.2628161e+09 | D37: 2.019543e+08 | E37: 1.7045888e+09 | F37: -39504202 | G37: 1.9310718e+09 | H37: 1.4500741e+09 | I37: 1.1250487e+08 | J37: 1.3374402e+09 | K37: 7.2349712e+08 | L37: 6.1394304e+08 | M37: 0 | N37: 4.4393644e+08 | O37: 331744325 | P37: 128022000 | Q37: 4.0743023e+08 | R37: 21215914 | S37: 0.014185892 | T37: 0.099253534
A38: 7 | B38: პროკრედიტ ბანკი | C38: 2.2373683e+09 | D38: 4.6108884e+08 | E38: 1.5527166e+09 | F38: -27419127 | G38: 1.8862628e+09 | H38: 1.5162051e+09 | I38: 69564112 | J38: 1.446641e+09 | K38: 8.0933836e+08 | L38: 6.3730261e+08 | M38: 0 | N38: 3.4803215e+08 | O38: 3.5110548e+08 | P38: 1.124828e+08 | Q38: 3.9194739e+08 | R38: 25726203 | S38: 0.017100021 | T38: 0.11425211
A39: 8 | B39: ქართუ ბანკი | C39: 2.2335934e+09 | D39: 8.2129388e+08 | E39: 1.1669895e+09 | F39: -32728692 | G39: 1.7240698e+09 | H39: 1.6287823e+09 | I39: 80172162 | J39: 1.548476e+09 | K39: 8.0929735e+08 | L39: 7.391787e+08 | M39: 0 | N39: 78058686 | O39: 5.095236e+08 | P39: 114430000 | Q39: 5.4742186e+08 | R39: 24868492 | S39: 0.018819191 | T39: 0.075310513
A40: 9 | B40: ხალიკ ბანკი | C40: 1.1442397e+09 | D40: 1.2049022e+08 | E40: 9.9095212e+08 | F40: -18464778 | G40: 8.5901177e+08 | H40: 3.4447435e+08 | I40: 1.3322413e+08 | J40: 2.1124677e+08 | K40: 95279478 | L40: 1.1596729e+08 | M40: 0 | N40: 4.9905785e+08 | O40: 2.8522796e+08 | P40: 76000000 | Q40: 3.0299314e+08 | R40: 16728677 | S40: 0.022148608 | T40: 0.089853715
A41: 10 | B41: იშ ბანკ | C41: 7.759346e+08 | D41: 2.1784602e+08 | E41: 3.2795236e+08 | F41: -2294210.2 | G41: 6.056119e+08 | H41: 4.340874e+08 | I41: 1.0909967e+08 | J41: 2.2263405e+08 | K41: 2.1022293e+08 | L41: 12411116 | M41: 0 | N41: 1.6598137e+08 | O41: 1.7032271e+08 | P41: 69161600 | Q41: 1.8098156e+08 | R41: 10021486 | S41: 0.022729387 | T41: 0.090928201
A42: 11 | B42: მიკრობანკი კრისტალი | C42: 6.9434744e+08 | D42: 59643075 | E42: 6.0769851e+08 | F42: -19898068 | G42: 5.7767299e+08 | H42: 53537472 | I42: 0 | J42: 53537472 | K42: 1997518.4 | L42: 51539953 | M42: 0 | N42: 4.9723338e+08 | O42: 1.1667444e+08 | P42: 3634576 | Q42: 1.286049e+08 | R42: 10002046 | S42: 0.021810178 | T42: 0.13352823
A43: 12 | B43: პაშაბანკი | C43: 6.9296817e+08 | D43: 1.3381469e+08 | E43: 4.2357594e+08 | F43: -6507862.3 | G43: 5.4713285e+08 | H43: 4.4492835e+08 | I43: 93544082 | J43: 2.8886894e+08 | K43: 2.0820561e+08 | L43: 80663332 | M43: 0 | N43: 62169944 | O43: 1.4583532e+08 | P43: 136800000 | Q43: 1.6686385e+08 | R43: 5835702 | S43: 0.01304363 | T43: 0.060981773
A44: 13 | B44: ზირაათ ბანკი | C44: 5.4150262e+08 | D44: 2.4626388e+08 | E44: 2.9369874e+08 | F44: -8587624.5 | G44: 3.6556904e+08 | H44: 3.537923e+08 | I44: 12303417 | J44: 2.470736e+08 | K44: 1.7860172e+08 | L44: 68471876 | M44: 0 | N44: 4119727.6 | O44: 1.7593359e+08 | P44: 130471000 | Q44: 1.749957e+08 | R44: 6380159.9 | S44: 0.020264717 | T44: 0.075092427
A45: 14 | B45: ვი–თი–ბი ბანკი | C45: 4.27832e+08 | D45: 2.0353297e+08 | E45: 1.5750893e+08 | F45: -34816401 | G45: 1.5361436e+08 | H45: 13551492 | I45: 0 | J45: 13270261 | K45: 9873992 | L45: 3396269 | M45: 0 | N45: 1.219573e+08 | O45: 2.7421763e+08 | P45: 209008277 | Q45: 2.7855593e+08 | R45: -2651527.7 | S45: -0.0091557908 | T45: -0.014887301
... A50: 19 | B50: პეისერა | C50: 13809175 | D50: 7918328.1 | E50: 0 | F50: 0 | G50: 7519280.4 | H50: 3014123.5 | I50: 292428.68 | J50: 2721694.5 | K50: 2025414.5 | L50: 696279.99 | M50: 0 | N50: 0 | O50: 6289893.8 | P50: 10000005 | Q50: 6067917.2 | R50: -1603276.3 | S50: -0.14961735 | T50: -0.33831843

Sheet BS-E
A2: Balance Sheet Financial Data of Commercial Banks/Microbanks Operating in Georgia
B3: =BS!B3 -> 46265
A5: N | B5: Name of The Bank/Microbank | C5: Market Share
C6: Assets | D6: Loan Portfolio | E6: Total Liabilities | F6: Total Deposits | G6: Non Banking Deposits | H6: Deposits of Legal Entities | I6: Deposits of Individuals | J6: Shareholders' Equity
A7: =A32 -> 1 | B7: =B32 -> Bank of Georgia | C7: =BS!C7 -> 0.38897713 | D7: =BS!D7 -> 0.38687737 | E7: =BS!E7 -> 0.39389136 | F7: =BS!F7 -> 0.40048579 | G7: =BS!G7 -> 0.40410709 | H7: =BS!H7 -> 0.33701507 | I7: =BS!I7 -> 0.45226926 | J7: =BS!J7 -> 0.36185265
A8: =A33 -> 2 | B8: =B33 -> TBC Bank | C8: =BS!C8 -> 0.36176541 | D8: =BS!D8 -> 0.36855908 | E8: =BS!E8 -> 0.36465372 | F8: =BS!F8 -> 0.36886903 | G8: =BS!G8 -> 0.35322636 | H8: =BS!H8 -> 0.37255676 | I8: =BS!I8 -> 0.33934999 | J8: =BS!J8 -> 0.34582314
A9: =A34 -> 3 | B9: =B34 -> Liberty Bank | C9: =BS!C9 -> 0.055447658 | D9: =BS!D9 -> 0.05960976 | E9: =BS!E9 -> 0.0584758 | F9: =BS!F9 -> 0.065874701 | G9: =BS!G9 -> 0.071599216 | H9: =BS!H9 -> 0.074370569 | I9: =BS!I9 -> 0.069609793 | J9: =BS!J9 -> 0.038733592
A10: =A35 -> 4 | B10: =B35 -> Basis Bank | C10: =BS!C10 -> 0.053472855 | D10: =BS!D10 -> 0.042539141 | E10: =BS!E10 -> 0.04926417 | F10: =BS!F10 -> 0.051715291 | G10: =BS!G10 -> 0.054434394 | H10: =BS!H10 -> 0.068580727 | I10: =BS!I10 -> 0.044279414 | J10: =BS!J10 -> 0.076703029
A11: =A36 -> 5 | B11: =B36 -> Credo Bank | C11: =BS!C11 -> 0.036679288 | D11: =BS!D11 -> 0.045624133 | E11: =BS!E11 -> 0.037850566 | F11: =BS!F11 -> 0.027492141 | G11: =BS!G11 -> 0.031243554 | H11: =BS!H11 -> 0.028447644 | I11: =BS!I11 -> 0.033250605 | J11: =BS!J11 -> 0.030214322
A12: =A37 -> 6 | B12: =B37 -> Tera bank | C12: =BS!C12 -> 0.019643213 | D12: =BS!D12 -> 0.021826634 | E12: =BS!E12 -> 0.01980046 | F12: =BS!F12 -> 0.018567679 | G12: =BS!G12 -> 0.019691179 | H12: =BS!H12 -> 0.025490881 | I12: =BS!I12 -> 0.015527848 | J12: =BS!J12 -> 0.018775278
A13: =A38 -> 7 | B13: =B38 -> ProCredit Bank | C13: =BS!C13 -> 0.019422304 | D13: =BS!D13 -> 0.019881966 | E13: =BS!E13 -> 0.019341006 | F13: =BS!F13 -> 0.019414463 | G13: =BS!G13 -> 0.021298946 | H13: =BS!H13 -> 0.028515314 | I13: =BS!I13 -> 0.016118659 | J13: =BS!J13 -> 0.019871034
A14: =A39 -> 8 | B14: =B39 -> Cartu Bank | C14: =BS!C14 -> 0.019389535 | D14: =BS!D14 -> 0.014942872 | E14: =BS!E14 -> 0.017677942 | F14: =BS!F14 -> 0.020855974 | G14: =BS!G14 -> 0.022798267 | H14: =BS!H14 -> 0.028513869 | I14: =BS!I14 -> 0.018695309 | J14: =BS!J14 -> 0.028836807
A15: =A40 -> 9 | B15: =B40 -> HALYK Bank | C15: =BS!C15 -> 0.0099329968 | D15: =BS!D15 -> 0.012688778 | E15: =BS!E15 -> 0.008807973 | F15: =BS!F15 -> 0.0044108706 | G15: =BS!G15 -> 0.0031101937 | H15: =BS!H15 -> 0.0033569696 | I15: =BS!I15 -> 0.002933045 | J15: =BS!J15 -> 0.016142655
A16: =A41 -> 10 | B16: =B41 -> IS Bank | C16: =BS!C16 -> 0.0067357877 | D16: =BS!D16 -> 0.0041993097 | E16: =BS!E16 -> 0.0062097092 | F16: =BS!F16 -> 0.0055583335 | G16: =BS!G16 -> 0.003277849 | H16: =BS!H16 -> 0.0074067575 | I16: =BS!I16 -> 0.00031390197 | J16: =BS!J16 -> 0.0096395201
A17: =A42 -> 11 | B17: =B42 -> Microbank Crystal | C17: =BS!C17 -> 0.0060275401 | D17: =BS!D17 -> 0.0077813565 | E17: =BS!E17 -> 0.0059232345 | F17: =BS!F17 -> 0.00068552814 | G17: =BS!G17 -> 0.00078823408 | H17: =BS!H17 -> 7.037831e-05 | I17: =BS!I17 -> 0.0013035486 | J17: =BS!J17 -> 0.006603263
A18: =A43 -> 12 | B18: =B43 -> Pasha Bank | C18: =BS!C18 -> 0.0060155668 | D18: =BS!D18 -> 0.0054237346 | E18: =BS!E18 -> 0.0056100877 | F18: =BS!F18 -> 0.005697148 | G18: =BS!G18 -> 0.0042530277 | H18: =BS!H18 -> 0.0073356815 | I18: =BS!I18 -> 0.0020401371 | J18: =BS!J18 -> 0.0082536411
... A25: =A50 -> 19 | B25: =B50 -> Paysera | C25: =BS!C25 -> 0.00011987565 | D25: =BS!D25 -> 0 | E25: =BS!E25 -> 7.7099781e-05 | F25: =BS!F25 -> 3.8594771e-05 | G25: =BS!G25 -> 4.0071604e-05 | H25: =BS!H25 -> 7.1361169e-05 | I25: =BS!I25 -> 1.7610315e-05 | J25: =BS!J25 -> 0.00035598048
B26: Total Banking Sector | C26: =SUM(C7:C25) -> 1 | D26: =SUM(D7:D25) -> 1 | E26: =SUM(E7:E25) -> 1 | F26: =SUM(F7:F25) -> 1 | G26: =SUM(G7:G25) -> 1 | H26: =SUM(H7:H25) -> 1 | I26: =SUM(I7:I25) -> 1 | J26: =SUM(J7:J25) -> 1
B28: Thausands GEL
A29: N | B29: Name of The Bank/Microbank | C29: Assets | G29: Liabilities | O29: Capital | R29: Profit
C30: Total Assets | D30: Cash Equivalents | E30: Loan Portfolio | F30: Loan Loss Reserves | G30: Total Liabilities | H30: Total Deposits | I30: Deposits of non-bank financial institutions | J30: Non Banking Deposits | K30: Deposits of Legal Entities | L30: Deposits of Individuals | M30: Secured deposits of government institutions and government controlled entities | N30: Borrowed Funds | O30: Shareholders' Equity | P30: Share Capital | Q30: Regulatory Capital | R30: ="NET Income of "&MONTH($B$3)&" months "&YEAR($B$3) -> NET Income of 8 months 2026 | S30: Return on Assets - ROA, Annualized | T30: Return on Equity - ROE, Annualized
B31: Consolidated | C31: =BS!C31 -> 1.1519582e+11 | D31: =BS!D31 -> 1.420653e+10 | E31: =BS!E31 -> 7.8096731e+10 | F31: =BS!F31 -> -1.2559218e+09 | G31: =BS!G31 -> 9.7526612e+10 | H31: =BS!H31 -> 7.809668e+10 | I31: =BS!I31 -> 7.4804055e+09 | J31: =BS!J31 -> 6.7920777e+10 | ... T31: =BS!T31 -> 0.22882696
A32: 1 | B32: Bank of Georgia | C32: =BS!C32 -> 4.480854e+10 | D32: =BS!D32 -> 4.0329769e+09 | E32: =BS!E32 -> 3.0213858e+10 | F32: =BS!F32 -> -3.6816945e+08 | G32: =BS!G32 -> 3.841489e+10 | H32: =BS!H32 -> 3.1276611e+10 | I32: =BS!I32 -> 2.7003328e+09 | J32: =BS!J32 -> 2.7447268e+10 | ... L32: =BS!L32 -> 1.7881908e+10 | N32: =BS!N32 -> 6.1286043e+09 | O32: =BS!O32 -> 6.3936505e+09 | P32: =BS!P32 -> 27993660 | Q32: =BS!Q32 -> 7.575563e+09 | R32: =BS!R32 -> 1.2911404e+09 | S32: =BS!S32 -> 0.044896521 | T32: =BS!T32 -> 0.31036536
A33: 2 | B33: TBC Bank | C33: =BS!C33 -> 4.1673863e+10 | D33: =BS!D33 -> 5.1155621e+09 | E33: =BS!E33 -> 2.878326e+10 | F33: =BS!F33 -> -4.0623465e+08 | G33: =BS!G33 -> 3.5563442e+10 | H33: =BS!H33 -> 2.8807447e+10 | I33: =BS!I33 -> 3.6904812e+09 | J33: =BS!J33 -> 2.3991409e+10 | ... L33: =BS!L33 -> 1.3417285e+10 | N33: =BS!N33 -> 6.0191739e+09 | O33: =BS!O33 -> 6.1104217e+09 | P33: =BS!P33 -> 21015908 | Q33: =BS!Q33 -> 7.3406437e+09 | R33: =BS!R33 -> 9.3685617e+08 | S33: =BS!S33 -> 0.035383539 | T33: =BS!T33 -> 0.23907835
A34: 3 | B34: Liberty Bank | C34: =BS!C34 -> 6.3873386e+09 | D34: =BS!D34 -> 6.6353061e+08 | E34: =BS!E34 -> 4.6553274e+09 | F34: =BS!F34 -> -1.4528931e+08 | G34: =BS!G34 -> 5.7029466e+09 | H34: =BS!H34 -> 5.1445954e+09 | I34: =BS!I34 -> 1.254077e+08 | J34: =BS!J34 -> 4.8630744e+09 | ... L34: =BS!L34 -> 2.7522453e+09 | N34: =BS!N34 -> 4.5869783e+08 | O34: =BS!O34 -> 6.8439196e+08 | P34: =BS!P34 -> 44490459 | Q34: =BS!Q34 -> 6.820937e+08 | R34: =BS!R34 -> 80447610 | S34: =BS!S34 -> 0.019295861 | T34: =BS!T34 -> 0.17268091
A35: 4 | B35: Basis Bank | C35: =BS!C35 -> 6.1598495e+09 | D35: =BS!D35 -> 9.9447691e+08 | E35: =BS!E35 -> 3.3221678e+09 | F35: =BS!F35 -> -30915994 | G35: =BS!G35 -> 4.8045676e+09 | H35: =BS!H35 -> 4.0387925e+09 | I35: =BS!I35 -> 3.41565e+08 | J35: =BS!J35 -> 3.6972263e+09 | ... L35: =BS!L35 -> 1.7507279e+09 | N35: =BS!N35 -> 7.0083307e+08 | O35: =BS!O35 -> 1.3552819e+09 | P35: =BS!P35 -> 30690893 | Q35: =BS!Q35 -> 8.4162046e+08 | R35: =BS!R35 -> 97199481 | S35: =BS!S35 -> 0.025876491 | T35: =BS!T35 -> 0.13888071
A36: 5 | B36: Credo Bank | C36: =BS!C36 -> 4.2253007e+09 | D36: =BS!D36 -> 5.4391387e+08 | E36: =BS!E36 -> 3.5630957e+09 | F36: =BS!F36 -> -1.0328718e+08 | G36: =BS!G36 -> 3.6914375e+09 | H36: =BS!H36 -> 2.1470449e+09 | I36: =BS!I36 -> 0 | J36: =BS!J36 -> 2.1220865e+09 | ... L36: =BS!L36 -> 1.3146688e+09 | N36: =BS!N36 -> 1.4375184e+09 | O36: =BS!O36 -> 5.338632e+08 | P36: =BS!P36 -> 5303030 | Q36: =BS!Q36 -> 6.4967267e+08 | R36: =BS!R36 -> 57573583 | S36: =BS!S36 -> 0.021528148 | T36: =BS!T36 -> 0.17218344
A37: 6 | B37: Tera bank | C37: =BS!C37 -> 2.2628161e+09 | D37: =BS!D37 -> 2.019543e+08 | E37: =BS!E37 -> 1.7045888e+09 | F37: =BS!F37 -> -39504202 | G37: =BS!G37 -> 1.9310718e+09 | H37: =BS!H37 -> 1.4500741e+09 | I37: =BS!I37 -> 1.1250487e+08 | J37: =BS!J37 -> 1.3374402e+09 | ... L37: =BS!L37 -> 6.1394304e+08 | N37: =BS!N37 -> 4.4393644e+08 | O37: =BS!O37 -> 331744325 | P37: =BS!P37 -> 128022000 | Q37: =BS!Q37 -> 4.0743023e+08 | R37: =BS!R37 -> 21215914 | S37: =BS!S37 -> 0.014185892 | T37: =BS!T37 -> 0.099253534
A38: 7 | B38: ProCredit Bank | C38: =BS!C38 -> 2.2373683e+09 | D38: =BS!D38 -> 4.6108884e+08 | E38: =BS!E38 -> 1.5527166e+09 | F38: =BS!F38 -> -27419127 | G38: =BS!G38 -> 1.8862628e+09 | H38: =BS!H38 -> 1.5162051e+09 | I38: =BS!I38 -> 69564112 | J38: =BS!J38 -> 1.446641e+09 | ... L38: =BS!L38 -> 6.3730261e+08 | N38: =BS!N38 -> 3.4803215e+08 | O38: =BS!O38 -> 3.5110548e+08 | P38: =BS!P38 -> 1.124828e+08 | Q38: =BS!Q38 -> 3.9194739e+08 | R38: =BS!R38 -> 25726203 | S38: =BS!S38 -> 0.017100021 | T38: =BS!T38 -> 0.11425211
A39: 8 | B39: Cartu Bank | C39: =BS!C39 -> 2.2335934e+09 | D39: =BS!D39 -> 8.2129388e+08 | E39: =BS!E39 -> 1.1669895e+09 | F39: =BS!F39 -> -32728692 | G39: =BS!G39 -> 1.7240698e+09 | H39: =BS!H39 -> 1.6287823e+09 | I39: =BS!I39 -> 80172162 | J39: =BS!J39 -> 1.548476e+09 | ... L39: =BS!L39 -> 7.391787e+08 | N39: =BS!N39 -> 78058686 | O39: =BS!O39 -> 5.095236e+08 | P39: =BS!P39 -> 114430000 | Q39: =BS!Q39 -> 5.4742186e+08 | R39: =BS!R39 -> 24868492 | S39: =BS!S39 -> 0.018819191 | T39: =BS!T39 -> 0.075310513
A40: 9 | B40: HALYK Bank | C40: =BS!C40 -> 1.1442397e+09 | D40: =BS!D40 -> 1.2049022e+08 | E40: =BS!E40 -> 9.9095212e+08 | F40: =BS!F40 -> -18464778 | G40: =BS!G40 -> 8.5901177e+08 | H40: =BS!H40 -> 3.4447435e+08 | I40: =BS!I40 -> 1.3322413e+08 | J40: =BS!J40 -> 2.1124677e+08 | ... L40: =BS!L40 -> 1.1596729e+08 | N40: =BS!N40 -> 4.9905785e+08 | O40: =BS!O40 -> 2.8522796e+08 | P40: =BS!P40 -> 76000000 | Q40: =BS!Q40 -> 3.0299314e+08 | R40: =BS!R40 -> 16728677 | S40: =BS!S40 -> 0.022148608 | T40: =BS!T40 -> 0.089853715
A41: 10 | B41: IS Bank | C41: =BS!C41 -> 7.759346e+08 | D41: =BS!D41 -> 2.1784602e+08 | E41: =BS!E41 -> 3.2795236e+08 | F41: =BS!F41 -> -2294210.2 | G41: =BS!G41 -> 6.056119e+08 | H41: =BS!H41 -> 4.340874e+08 | I41: =BS!I41 -> 1.0909967e+08 | J41: =BS!J41 -> 2.2263405e+08 | ... L41: =BS!L41 -> 12411116 | N41: =BS!N41 -> 1.6598137e+08 | O41: =BS!O41 -> 1.7032271e+08 | P41: =BS!P41 -> 69161600 | Q41: =BS!Q41 -> 1.8098156e+08 | R41: =BS!R41 -> 10021486 | S41: =BS!S41 -> 0.022729387 | T41: =BS!T41 -> 0.090928201
A42: 11 | B42: Microbank Crystal | C42: =BS!C42 -> 6.9434744e+08 | D42: =BS!D42 -> 59643075 | E42: =BS!E42 -> 6.0769851e+08 | F42: =BS!F42 -> -19898068 | G42: =BS!G42 -> 5.7767299e+08 | H42: =BS!H42 -> 53537472 | I42: =BS!I42 -> 0 | J42: =BS!J42 -> 53537472 | ... L42: =BS!L42 -> 51539953 | N42: =BS!N42 -> 4.9723338e+08 | O42: =BS!O42 -> 1.1667444e+08 | P42: =BS!P42 -> 3634576 | Q42: =BS!Q42 -> 1.286049e+08 | R42: =BS!R42 -> 10002046 | S42: =BS!S42 -> 0.021810178 | T42: =BS!T42 -> 0.13352823
A43: 12 | B43: Pasha Bank | C43: =BS!C43 -> 6.9296817e+08 | D43: =BS!D43 -> 1.3381469e+08 | E43: =BS!E43 -> 4.2357594e+08 | F43: =BS!F43 -> -6507862.3 | G43: =BS!G43 -> 5.4713285e+08 | H43: =BS!H43 -> 4.4492835e+08 | I43: =BS!I43 -> 93544082 | J43: =BS!J43 -> 2.8886894e+08 | ... L43: =BS!L43 -> 80663332 | N43: =BS!N43 -> 62169944 | O43: =BS!O43 -> 1.4583532e+08 | P43: =BS!P43 -> 136800000 | Q43: =BS!Q43 -> 1.6686385e+08 | R43: =BS!R43 -> 5835702 | S43: =BS!S43 -> 0.01304363 | T43: =BS!T43 -> 0.060981773
... A50: 19 | B50: Paysera | C50: =BS!C50 -> 13809175 | D50: =BS!D50 -> 7918328.1 | E50: =BS!E50 -> 0 | F50: =BS!F50 -> 0 | G50: =BS!G50 -> 7519280.4 | H50: =BS!H50 -> 3014123.5 | I50: =BS!I50 -> 292428.68 | J50: =BS!J50 -> 2721694.5 | ... L50: =BS!L50 -> 696279.99 | N50: =BS!N50 -> 0 | O50: =BS!O50 -> 6289893.8 | P50: =BS!P50 -> 10000005 | Q50: =BS!Q50 -> 6067917.2 | R50: =BS!R50 -> -1603276.3 | S50: =BS!S50 -> -0.14961735 | T50: =BS!T50 -> -0.33831843

Sheet IS
A2: ცხრილი N 2 – კომერციული ბანკების/მიკრობანკების ფინანსური მონაცემები მოგება–ზარალის უწყისის მიხედვით
B3: =BS!B3 -> 46265
A5: N | B5: ბანკის/მიკრობანკის დასახელება | C5: წილი საბანკო სექტორში
C6: მთლიანი აქტივები | D6: წმინდა საპროცენტო შემოსავალი | E6: წმინდა საკომისიო შემოსავალი | F6: წმინდა მოგება
A7: =A32 -> 1 | B7: =BS!B7 -> საქართველოს ბანკი | C7: =IFERROR(C32/C$31,0) -> 0.38897713 | D7: =IFERROR(H32/ABS(H$31),0) -> 0.40498189 | E7: =IFERROR(I32/ABS(I$31),0) -> 0.54988158 | F7: =IFERROR(O32/ABS(O$31),0) -> 0.50344306
A8: =A33 -> 2 | B8: =BS!B8 -> თი–ბი–სი ბანკი | C8: =IFERROR(C33/C$31,0) -> 0.36176541 | D8: =IFERROR(H33/ABS(H$31),0) -> 0.33109728 | E8: =IFERROR(I33/ABS(I$31),0) -> 0.30713835 | F8: =IFERROR(O33/ABS(O$31),0) -> 0.36530011
A9: =A34 -> 3 | B9: =BS!B9 -> ლიბერთი ბანკი | C9: =IFERROR(C34/C$31,0) -> 0.055447658 | D9: =IFERROR(H34/ABS(H$31),0) -> 0.068167918 | E9: =IFERROR(I34/ABS(I$31),0) -> 0.033371802 | F9: =IFERROR(O34/ABS(O$31),0) -> 0.031368231
A10: =A35 -> 4 | B10: =BS!B10 -> ბაზის ბანკი | C10: =IFERROR(C35/C$31,0) -> 0.053472855 | D10: =IFERROR(H35/ABS(H$31),0) -> 0.031902167 | E10: =IFERROR(I35/ABS(I$31),0) -> 0.01922309 | F10: =IFERROR(O35/ABS(O$31),0) -> 0.037900141
A11: =A36 -> 5 | B11: =BS!B11 -> კრედო ბანკი | C11: =IFERROR(C36/C$31,0) -> 0.036679288 | D11: =IFERROR(H36/ABS(H$31),0) -> 0.069380132 | E11: =IFERROR(I36/ABS(I$31),0) -> 0.052413691 | F11: =IFERROR(O36/ABS(O$31),0) -> 0.022449162
A12: =A37 -> 6 | B12: =BS!B12 -> ტერა ბანკი | C12: =IFERROR(C37/C$31,0) -> 0.019643213 | D12: =IFERROR(H37/ABS(H$31),0) -> 0.015238795 | E12: =IFERROR(I37/ABS(I$31),0) -> 0.0046783847 | F12: =IFERROR(O37/ABS(O$31),0) -> 0.0082725352
A13: =A38 -> 7 | B13: =BS!B13 -> პროკრედიტ ბანკი | C13: =IFERROR(C38/C$31,0) -> 0.019422304 | D13: =IFERROR(H38/ABS(H$31),0) -> 0.01400993 | E13: =IFERROR(I38/ABS(I$31),0) -> 0.0040546661 | F13: =IFERROR(O38/ABS(O$31),0) -> 0.010031193
A14: =A39 -> 8 | B14: =BS!B14 -> ქართუ ბანკი | C14: =IFERROR(C39/C$31,0) -> 0.019389535 | D14: =IFERROR(H39/ABS(H$31),0) -> 0.013750993 | E14: =IFERROR(I39/ABS(I$31),0) -> 0.0047451579 | F14: =IFERROR(O39/ABS(O$31),0) -> 0.0096967531
A15: =A40 -> 9 | B15: =BS!B15 -> ხალიკ ბანკი | C15: =IFERROR(C40/C$31,0) -> 0.0099329968 | D15: =IFERROR(H40/ABS(H$31),0) -> 0.010037008 | E15: =IFERROR(I40/ABS(I$31),0) -> 4.6554048e-05 | F15: =IFERROR(O40/ABS(O$31),0) -> 0.0065228661
A16: =A41 -> 10 | B16: =BS!B16 -> იშ ბანკ | C16: =IFERROR(C41/C$31,0) -> 0.0067357877 | D16: =IFERROR(H41/ABS(H$31),0) -> 0.0042457605 | E16: =IFERROR(I41/ABS(I$31),0) -> 0.0023937625 | F16: =IFERROR(O41/ABS(O$31),0) -> 0.0039075901
A17: =A42 -> 11 | B17: =BS!B17 -> მიკრობანკი კრისტალი | C17: =IFERROR(C42/C$31,0) -> 0.0060275401 | D17: =IFERROR(H42/ABS(H$31),0) -> 0.020102076 | E17: =IFERROR(I42/ABS(I$31),0) -> 0.0037114368 | F17: =IFERROR(O42/ABS(O$31),0) -> 0.0039000101
A18: =A43 -> 12 | B18: =BS!B18 -> პაშაბანკი | C18: =IFERROR(C43/C$31,0) -> 0.0060155668 | D18: =IFERROR(H43/ABS(H$31),0) -> 0.0036089927 | E18: =IFERROR(I43/ABS(I$31),0) -> 0.00085486198 | F18: =IFERROR(O43/ABS(O$31),0) -> 0.0022754641
... A25: =A50 -> 19 | B25: =BS!B25 -> პეისერა | C25: =IFERROR(C50/C$31,0) -> 0.00011987565 | D25: =IFERROR(H50/ABS(H$31),0) -> 9.0610342e-05 | E25: =IFERROR(I50/ABS(I$31),0) -> 0.00017506799 | F25: =IFERROR(O50/ABS(O$31),0) -> -0.00062515148
B26: =BS!B26 -> კონსოლიდირებული | C26: =SUM(C7:C25) -> 1 | D26: =SUM(D7:D25) -> 1 | E26: =SUM(E7:E25) -> 1 | F26: =SUM(F7:F25) -> 1
B28: ათას ლარებში
A29: N | B29: ბანკის/მიკრობანკის დასახელება | C29: მთლიანი აქტივების მოცულობა | D29: საპროცენტო შემოსავლები/ხარჯები | I29: არასაპროცენტო შემოსავლები/ხარჯები | M29: დანახარჯები აქტივების შესაძლო დანაკარგების მიხედვით | N29: მოგება გადასახადის გადახდამდე | O29: =YEAR($B$3)&" წლის "&MONTH($B$3)&" თვის წმინდა მოგება" -> 2026 წლის 8 თვის წმინდა მოგება
D30: მთლიანი საპროცენტო შემოსავალი | E30: მ.შ. საპროცენტო შემოსავლები სესხებიდან | F30: მთლიანი საპროცენტო ხარჯი | G30: მ.შ. დეპოზიტებზე გადახდილი პროცენტები | H30: წმინდა საპროცენტო შემოსავალი | I30: წმინდა საკომისიო შემოსავალი მომსახურების მიხედვით | J30: მოგება–ზარალი ვალუტის ყიდვა–გაყიდვის ოპერაციებიდან | K30: მთლიანი არასაპროცენტო ხარჯი | L30: წმინდა არასაპროცენტო შემოსავალი
B31: =BS!B31 -> კონსოლიდირებული | C31: 1.1519582e+11 | D31: 7.4918608e+09 | E31: 6.3593082e+09 | F31: -3.4926075e+09 | G31: -2.4361278e+09 | H31: 3.9992533e+09 | I31: 6.1636466e+08 | J31: 4.9981332e+08 | K31: -1.9128943e+09 | L31: -6.2426591e+08 | M31: -3.6601851e+08 | N31: 3.0089689e+09 | O31: 2.5646206e+09
A32: =BS!A32 -> 1 | B32: =BS!B32 -> საქართველოს ბანკი | C32: 4.480854e+10 | D32: 2.8951303e+09 | E32: 2.4153131e+09 | F32: -1.2755051e+09 | G32: -9.2247854e+08 | H32: 1.6196252e+09 | I32: 3.3892757e+08 | J32: 2.1038373e+08 | K32: -6.2238306e+08 | L32: 7541611 | M32: -1.1325543e+08 | N32: 1.5139113e+09 | O32: 1.2911404e+09
A33: =BS!A33 -> 2 | B33: =BS!B33 -> თი–ბი–სი ბანკი | C33: 4.1673863e+10 | D33: 2.5394509e+09 | E33: 2.1520134e+09 | F33: -1.215309e+09 | G33: -8.2601103e+08 | H33: 1.3241419e+09 | I33: 1.8930922e+08 | J33: 2.0434662e+08 | K33: -5.6914865e+08 | L33: -97368833 | M33: -1.3161759e+08 | N33: 1.0951555e+09 | O33: 9.3685617e+08
A34: =BS!A34 -> 3 | B34: =BS!B34 -> ლიბერთი ბანკი | C34: 6.3873386e+09 | D34: 5.4795976e+08 | E34: 4.8083939e+08 | F34: -2.7533899e+08 | G34: -2.2703106e+08 | H34: 2.7262077e+08 | I34: 20569200 | J34: 24106205 | K34: -2.0644531e+08 | L34: -1.5732943e+08 | M34: -23074534 | N34: 92216808 | O34: 80447610
A35: =BS!A35 -> 4 | B35: =BS!B35 -> ბაზის ბანკი | C35: 6.1598495e+09 | D35: 3.1647464e+08 | E35: 2.6623785e+08 | F35: -1.8888979e+08 | G35: -1.554636e+08 | H35: 1.2758485e+08 | I35: 11848433 | J35: 22834336 | K35: -62313787 | L35: -15336387 | M35: -162388.67 | N35: 1.1208607e+08 | O35: 97199481
A36: =BS!A36 -> 5 | B36: =BS!B36 -> კრედო ბანკი | C36: 4.2253007e+09 | D36: 4.844356e+08 | E36: 4.4103223e+08 | F36: -2.0696688e+08 | G36: -97295154 | H36: 2.7746872e+08 | I36: 32305947 | J36: 9317898.8 | K36: -1.6862902e+08 | L36: -1.4129352e+08 | M36: -65491232 | N36: 70683976 | O36: 57573583
A37: =BS!A37 -> 6 | B37: =BS!B37 -> ტერა ბანკი | C37: 2.2628161e+09 | D37: 154684476 | E37: 1.3810798e+08 | F37: -93740674 | G37: -66222190 | H37: 60943802 | I37: 2883591 | J37: 2311175 | K37: -38106433 | L37: -32233218 | M37: -4526745.6 | N37: 24183839 | O37: 21215914
A38: =BS!A38 -> 7 | B38: =BS!B38 -> პროკრედიტ ბანკი | C38: 2.2373683e+09 | D38: 1.1209992e+08 | E38: 94967296 | F38: -56070663 | G38: -41323232 | H38: 56029259 | I38: 2499152.9 | J38: 7653336.3 | K38: -44852611 | L38: -31783213 | M38: 5715501.8 | N38: 29961548 | O38: 25726203
A39: =BS!A39 -> 8 | B39: =BS!B39 -> ქართუ ბანკი | C39: 2.2335934e+09 | D39: 90534719 | E39: 74827978 | F39: -35541015 | G39: -31222490 | H39: 54993704 | I39: 2924747.6 | J39: 6792377.4 | K39: -34094422 | L39: -22403512 | M39: -1178691.9 | N39: 31411501 | O39: 24868492
A40: =BS!A40 -> 9 | B40: =BS!B40 -> ხალიკ ბანკი | C40: 1.1442397e+09 | D40: 69065677 | E40: 65625823 | F40: -28925141 | G40: -14483266 | H40: 40140535 | I40: 28694.27 | J40: 1753517 | K40: -20440529 | L40: -18052295 | M40: -1342590.8 | N40: 20745650 | O40: 16728677
A41: =BS!A41 -> 10 | B41: =BS!B41 -> იშ ბანკ | C41: 7.759346e+08 | D41: 32092831 | E41: 21012759 | F41: -15112960 | G41: -12202384 | H41: 16979872 | I41: 1475430.6 | J41: 170146.44 | K41: -6566383.6 | L41: -4450658.5 | M41: -721169.87 | N41: 11808043 | O41: 10021486
A42: =BS!A42 -> 11 | B42: =BS!B42 -> მიკრობანკი კრისტალი | C42: 6.9434744e+08 | D42: 1.1717892e+08 | E42: 1.0632748e+08 | F42: -36785622 | G42: -1858889.2 | H42: 80393296 | I42: 2287598.5 | J42: -5740598.7 | K42: -45037661 | L42: -49910148 | M42: -17486308 | N42: 12996840 | O42: 10002046
A43: =BS!A43 -> 12 | B43: =BS!B43 -> პაშაბანკი | C43: 6.9296817e+08 | D43: 37758057 | E43: 27087578 | F43: -23324781 | G43: -19966925 | H43: 14433276 | I43: 526906.71 | J43: 12396568 | K43: -20132357 | L43: -10415490 | M43: 1369938.7 | N43: 5387724.4 | O43: 5835702
... A50: =BS!A50 -> 19 | B50: =BS!B50 -> პეისერა | C50: 13809175 | D50: 367682.87 | E50: 0 | F50: -5309.1617 | G50: -98.04 | H50: 362373.71 | I50: 107905.72 | J50: 321298.01 | K50: -2252566.1 | L50: -1943360.8 | M50: -23353.5 | N50: -1604340.6 | O50: -1603276.3

Sheet IS-E
A2: Income Statement Financial Data of Commercial Banks/Microbanks Operating in Georgia
B3: ='BS-E'!B3 -> 46265
A5: N | B5: Name of The Bank/Microbank | C5: Market Share
C6: Total Assets | D6: NET Interest Income | E6: Net Fee and Commission Income | F6: NET Income
A7: =A32 -> 1 | B7: =B32 -> Bank of Georgia | C7: =IS!C7 -> 0.38897713 | D7: =IS!D7 -> 0.40498189 | E7: =IS!E7 -> 0.54988158 | F7: =IS!F7 -> 0.50344306
A8: =A33 -> 2 | B8: =B33 -> TBC Bank | C8: =IS!C8 -> 0.36176541 | D8: =IS!D8 -> 0.33109728 | E8: =IS!E8 -> 0.30713835 | F8: =IS!F8 -> 0.36530011
A9: =A34 -> 3 | B9: =B34 -> Liberty Bank | C9: =IS!C9 -> 0.055447658 | D9: =IS!D9 -> 0.068167918 | E9: =IS!E9 -> 0.033371802 | F9: =IS!F9 -> 0.031368231
A10: =A35 -> 4 | B10: =B35 -> Basis Bank | C10: =IS!C10 -> 0.053472855 | D10: =IS!D10 -> 0.031902167 | E10: =IS!E10 -> 0.01922309 | F10: =IS!F10 -> 0.037900141
A11: =A36 -> 5 | B11: =B36 -> Credo Bank | C11: =IS!C11 -> 0.036679288 | D11: =IS!D11 -> 0.069380132 | E11: =IS!E11 -> 0.052413691 | F11: =IS!F11 -> 0.022449162
A12: =A37 -> 6 | B12: =B37 -> Tera bank | C12: =IS!C12 -> 0.019643213 | D12: =IS!D12 -> 0.015238795 | E12: =IS!E12 -> 0.0046783847 | F12: =IS!F12 -> 0.0082725352
A13: =A38 -> 7 | B13: =B38 -> ProCredit Bank | C13: =IS!C13 -> 0.019422304 | D13: =IS!D13 -> 0.01400993 | E13: =IS!E13 -> 0.0040546661 | F13: =IS!F13 -> 0.010031193
A14: =A39 -> 8 | B14: =B39 -> Cartu Bank | C14: =IS!C14 -> 0.019389535 | D14: =IS!D14 -> 0.013750993 | E14: =IS!E14 -> 0.0047451579 | F14: =IS!F14 -> 0.0096967531
A15: =A40 -> 9 | B15: =B40 -> HALYK Bank | C15: =IS!C15 -> 0.0099329968 | D15: =IS!D15 -> 0.010037008 | E15: =IS!E15 -> 4.6554048e-05 | F15: =IS!F15 -> 0.0065228661
A16: =A41 -> 10 | B16: =B41 -> IS Bank | C16: =IS!C16 -> 0.0067357877 | D16: =IS!D16 -> 0.0042457605 | E16: =IS!E16 -> 0.0023937625 | F16: =IS!F16 -> 0.0039075901
A17: =A42 -> 11 | B17: =B42 -> Microbank Crystal | C17: =IS!C17 -> 0.0060275401 | D17: =IS!D17 -> 0.020102076 | E17: =IS!E17 -> 0.0037114368 | F17: =IS!F17 -> 0.0039000101
A18: =A43 -> 12 | B18: =B43 -> Pasha Bank | C18: =IS!C18 -> 0.0060155668 | D18: =IS!D18 -> 0.0036089927 | E18: =IS!E18 -> 0.00085486198 | F18: =IS!F18 -> 0.0022754641
... A25: =A50 -> 19 | B25: =B50 -> Paysera | C25: =IS!C25 -> 0.00011987565 | D25: =IS!D25 -> 9.0610342e-05 | E25: =IS!E25 -> 0.00017506799 | F25: =IS!F25 -> -0.00062515148
B26: Total Banking Sector | C26: =SUM(C7:C25) -> 1 | D26: =SUM(D7:D25) -> 1 | E26: =SUM(E7:E25) -> 1 | F26: =SUM(F7:F25) -> 1
B28: Thausands GEL
A29: N | B29: Name of The Bank/Microbank | C29: Total Assets | D29: Interest Income/Expenses | I29: Non Interest Income/Expenses | M29: Provisions for Possible Losses | N29: Net Income Before Taxes | O29: ='BS-E'!$R$30 -> NET Income of 8 months 2026
D30: Total Interest Income | E30: Interest Income from Loans | F30: Total Interest Expenses | G30: Interest Expenses on Deposits | H30: Net Interest Income | I30: Net Fee and Commission Income from Services | J30: Gain (Loss) on Foreign Exchange Trade | K30: Total non-Interest Expenses | L30: Net Non-Interest Income
B31: ='BS-E'!B31 -> Consolidated | C31: =IS!C31 -> 1.1519582e+11 | D31: =IS!D31 -> 7.4918608e+09 | E31: =IS!E31 -> 6.3593082e+09 | F31: =IS!F31 -> -3.4926075e+09 | G31: =IS!G31 -> -2.4361278e+09 | H31: =IS!H31 -> 3.9992533e+09 | I31: =IS!I31 -> 6.1636466e+08 | J31: =IS!J31 -> 4.9981332e+08 | ... O31: =IS!O31 -> 2.5646206e+09
A32: ='BS-E'!A32 -> 1 | B32: ='BS-E'!B32 -> Bank of Georgia | C32: =IS!C32 -> 4.480854e+10 | D32: =IS!D32 -> 2.8951303e+09 | E32: =IS!E32 -> 2.4153131e+09 | F32: =IS!F32 -> -1.2755051e+09 | G32: =IS!G32 -> -9.2247854e+08 | H32: =IS!H32 -> 1.6196252e+09 | I32: =IS!I32 -> 3.3892757e+08 | J32: =IS!J32 -> 2.1038373e+08 | ... O32: =IS!O32 -> 1.2911404e+09
A33: ='BS-E'!A33 -> 2 | B33: ='BS-E'!B33 -> TBC Bank | C33: =IS!C33 -> 4.1673863e+10 | D33: =IS!D33 -> 2.5394509e+09 | E33: =IS!E33 -> 2.1520134e+09 | F33: =IS!F33 -> -1.215309e+09 | G33: =IS!G33 -> -8.2601103e+08 | H33: =IS!H33 -> 1.3241419e+09 | I33: =IS!I33 -> 1.8930922e+08 | J33: =IS!J33 -> 2.0434662e+08 | ... O33: =IS!O33 -> 9.3685617e+08
A34: ='BS-E'!A34 -> 3 | B34: ='BS-E'!B34 -> Liberty Bank | C34: =IS!C34 -> 6.3873386e+09 | D34: =IS!D34 -> 5.4795976e+08 | E34: =IS!E34 -> 4.8083939e+08 | F34: =IS!F34 -> -2.7533899e+08 | G34: =IS!G34 -> -2.2703106e+08 | H34: =IS!H34 -> 2.7262077e+08 | I34: =IS!I34 -> 20569200 | J34: =IS!J34 -> 24106205 | ... O34: =IS!O34 -> 80447610
A35: ='BS-E'!A35 -> 4 | B35: ='BS-E'!B35 -> Basis Bank | C35: =IS!C35 -> 6.1598495e+09 | D35: =IS!D35 -> 3.1647464e+08 | E35: =IS!E35 -> 2.6623785e+08 | F35: =IS!F35 -> -1.8888979e+08 | G35: =IS!G35 -> -1.554636e+08 | H35: =IS!H35 -> 1.2758485e+08 | I35: =IS!I35 -> 11848433 | J35: =IS!J35 -> 22834336 | ... O35: =IS!O35 -> 97199481
A36: ='BS-E'!A36 -> 5 | B36: ='BS-E'!B36 -> Credo Bank | C36: =IS!C36 -> 4.2253007e+09 | D36: =IS!D36 -> 4.844356e+08 | E36: =IS!E36 -> 4.4103223e+08 | F36: =IS!F36 -> -2.0696688e+08 | G36: =IS!G36 -> -97295154 | H36: =IS!H36 -> 2.7746872e+08 | I36: =IS!I36 -> 32305947 | J36: =IS!J36 -> 9317898.8 | ... O36: =IS!O36 -> 57573583
A37: ='BS-E'!A37 -> 6 | B37: ='BS-E'!B37 -> Tera bank | C37: =IS!C37 -> 2.2628161e+09 | D37: =IS!D37 -> 154684476 | E37: =IS!E37 -> 1.3810798e+08 | F37: =IS!F37 -> -93740674 | G37: =IS!G37 -> -66222190 | H37: =IS!H37 -> 60943802 | I37: =IS!I37 -> 2883591 | J37: =IS!J37 -> 2311175 | ... O37: =IS!O37 -> 21215914
A38: ='BS-E'!A38 -> 7 | B38: ='BS-E'!B38 -> ProCredit Bank | C38: =IS!C38 -> 2.2373683e+09 | D38: =IS!D38 -> 1.1209992e+08 | E38: =IS!E38 -> 94967296 | F38: =IS!F38 -> -56070663 | G38: =IS!G38 -> -41323232 | H38: =IS!H38 -> 56029259 | I38: =IS!I38 -> 2499152.9 | J38: =IS!J38 -> 7653336.3 | ... O38: =IS!O38 -> 25726203
A39: ='BS-E'!A39 -> 8 | B39: ='BS-E'!B39 -> Cartu Bank | C39: =IS!C39 -> 2.2335934e+09 | D39: =IS!D39 -> 90534719 | E39: =IS!E39 -> 74827978 | F39: =IS!F39 -> -35541015 | G39: =IS!G39 -> -31222490 | H39: =IS!H39 -> 54993704 | I39: =IS!I39 -> 2924747.6 | J39: =IS!J39 -> 6792377.4 | ... O39: =IS!O39 -> 24868492
A40: ='BS-E'!A40 -> 9 | B40: ='BS-E'!B40 -> HALYK Bank | C40: =IS!C40 -> 1.1442397e+09 | D40: =IS!D40 -> 69065677 | E40: =IS!E40 -> 65625823 | F40: =IS!F40 -> -28925141 | G40: =IS!G40 -> -14483266 | H40: =IS!H40 -> 40140535 | I40: =IS!I40 -> 28694.27 | J40: =IS!J40 -> 1753517 | ... O40: =IS!O40 -> 16728677
A41: ='BS-E'!A41 -> 10 | B41: ='BS-E'!B41 -> IS Bank | C41: =IS!C41 -> 7.759346e+08 | D41: =IS!D41 -> 32092831 | E41: =IS!E41 -> 21012759 | F41: =IS!F41 -> -15112960 | G41: =IS!G41 -> -12202384 | H41: =IS!H41 -> 16979872 | I41: =IS!I41 -> 1475430.6 | J41: =IS!J41 -> 170146.44 | ... O41: =IS!O41 -> 10021486
A42: ='BS-E'!A42 -> 11 | B42: ='BS-E'!B42 -> Microbank Crystal | C42: =IS!C42 -> 6.9434744e+08 | D42: =IS!D42 -> 1.1717892e+08 | E42: =IS!E42 -> 1.0632748e+08 | F42: =IS!F42 -> -36785622 | G42: =IS!G42 -> -1858889.2 | H42: =IS!H42 -> 80393296 | I42: =IS!I42 -> 2287598.5 | J42: =IS!J42 -> -5740598.7 | ... O42: =IS!O42 -> 10002046
A43: ='BS-E'!A43 -> 12 | B43: ='BS-E'!B43 -> Pasha Bank | C43: =IS!C43 -> 6.9296817e+08 | D43: =IS!D43 -> 37758057 | E43: =IS!E43 -> 27087578 | F43: =IS!F43 -> -23324781 | G43: =IS!G43 -> -19966925 | H43: =IS!H43 -> 14433276 | I43: =IS!I43 -> 526906.71 | J43: =IS!J43 -> 12396568 | ... O43: =IS!O43 -> 5835702
... A50: ='BS-E'!A50 -> 19 | B50: ='BS-E'!B50 -> Paysera | C50: =IS!C50 -> 13809175 | D50: =IS!D50 -> 367682.87 | E50: =IS!E50 -> 0 | F50: =IS!F50 -> -5309.1617 | G50: =IS!G50 -> -98.04 | H50: =IS!H50 -> 362373.71 | I50: =IS!I50 -> 107905.72 | J50: =IS!J50 -> 321298.01 | ... O50: =IS!O50 -> -1603276.3

Sheet RC-D
B1: ცხრილი N5 – დეპოზიტების სტრუქტურა საბანკო სექტორში
B2: =BS!B3 -> 46265
B3: ათას ლარებში
C4: მიმდინარე დეპოზიტები | F4: მოთხოვნამდე დეპოზიტები | I4: ვადიანი დეპოზიტები | L4: სადეპოზიტო სერტიფიკატები (CD) | O4: ყველა სახის დეპოზიტები
C5: ლარი | D5: უცხ. ვალუტა | E5: სულ | F5: ლარი | G5: უცხ. ვალუტა | H5: სულ | I5: ლარი | J5: უცხ. ვალუტა | K5: სულ | L5: ლარი | M5: უცხ. ვალუტა | N5: სულ | O5: ლარი | P5: უცხ. ვალუტა | Q5: სულ
B6: ფინანსური სექტორის დეპოზიტები
B7: სებ–ის დეპოზიტები | C7: 0 | D7: 0 | E7: 0 | F7: 0 | G7: 0 | H7: 0 | I7: 0 | J7: 0 | K7: 0 | L7: 0 | M7: 0 | N7: 0 | O7: 0 | P7: 0 | Q7: 0
B8: კომერციული ბანკების დეპოზიტები | C8: 1.2200065e+08 | D8: 7.2492144e+08 | E8: 8.4692209e+08 | F8: 20611.58 | G8: 5900814 | H8: 5921425.5 | I8: 1.2433056e+09 | J8: 5.9934805e+08 | K8: 1.8426537e+09 | L8: 0 | M8: 0 | N8: 0 | O8: 1.3653269e+09 | P8: 1.3301703e+09 | Q8: 2.6954972e+09
B9: რეზიდენტი კომერციული ბანკების დეპოზიტები | C9: 89500986 | D9: 4.108154e+08 | E9: 5.0031639e+08 | F9: 20611.58 | G9: 1306.25 | H9: 21917.83 | I9: 5.2879217e+08 | J9: 69980644 | K9: 5.9877281e+08 | L9: 0 | M9: 0 | N9: 0 | O9: 6.1831377e+08 | P9: 4.8079735e+08 | Q9: 1.0991111e+09
B10: არარეზიდენტი კომერციული ბანკების დეპოზიტები | C10: 32499664 | D10: 3.1410604e+08 | E10: 3.466057e+08 | F10: 0 | G10: 5899507.7 | H10: 5899507.7 | I10: 7.1451346e+08 | J10: 5.2936741e+08 | K10: 1.2438809e+09 | L10: 0 | M10: 0 | N10: 0 | O10: 7.4701313e+08 | P10: 8.4937295e+08 | Q10: 1.5963861e+09
B11: არასაბანკო ფინანსური ინსტიტუტების დეპოზიტები | C11: 5.5631121e+08 | D11: 7.0335811e+08 | E11: 1.2596693e+09 | F11: 2.6667202e+08 | G11: 66714129 | H11: 3.3338615e+08 | I11: 1.4534036e+08 | J11: 1.3205238e+08 | K11: 2.7739274e+08 | L11: 5.4518267e+09 | M11: 1.5813064e+08 | N11: 5.6099573e+09 | O11: 6.4201503e+09 | P11: 1.0602553e+09 | Q11: 7.4804055e+09
B12: რეზიდენტი არასაბანკო ფინანსური ინსტიტუტების დეპოზიტები | C12: 5.5215097e+08 | D12: 5.7302116e+08 | E12: 1.1251721e+09 | F12: 2.6621083e+08 | G12: 54941259 | H12: 3.2115209e+08 | I12: 1.4534036e+08 | J12: 1.1338641e+08 | K12: 2.5872676e+08 | L12: 5.4515742e+09 | M12: 1.502773e+08 | N12: 5.6018515e+09 | O12: 6.4152764e+09 | P12: 8.9162613e+08 | Q12: 7.3069025e+09
B13: არარეზიდენტი არასაბანკო ფინანსური ინსტიტუტების დეპოზიტები | C13: 4160242.8 | D13: 1.3033695e+08 | E13: 1.3449719e+08 | F13: 461188.75 | G13: 11772869 | H13: 12234058 | I13: 0 | J13: 18665973 | K13: 18665973 | L13: 252457.71 | M13: 7853333.4 | N13: 8105791.1 | O13: 4873889.3 | P13: 1.6862912e+08 | Q13: 1.7350301e+08
B14: სულ ფინანსური სექტორის დეპოზიტები | C14: 6.7831186e+08 | D14: 1.4282795e+09 | E14: 2.1065914e+09 | F14: 2.6669263e+08 | G14: 72614942 | H14: 3.3930758e+08 | I14: 1.388646e+09 | J14: 7.3140043e+08 | K14: 2.1200464e+09 | L14: 5.4518267e+09 | M14: 1.5813064e+08 | N14: 5.6099573e+09 | O14: 7.7854772e+09 | P14: 2.3904256e+09 | Q14: 1.0175903e+10
B15: არაფინანსური სექტორის დეპოზიტები
B16: იურიდიული პირების დეპოზიტები | C16: 7.2588306e+09 | D16: 5.1212349e+09 | E16: 1.2380066e+10 | F16: 4.2942243e+09 | G16: 2.155565e+09 | H16: 6.4497894e+09 | I16: 5.297558e+09 | J16: 1.104007e+09 | K16: 6.401565e+09 | L16: 2.6332242e+09 | M16: 5.1794172e+08 | N16: 3.151166e+09 | O16: 1.9483837e+10 | P16: 8.8987487e+09 | Q16: 2.8382586e+10
B17: რეზიდენტი იურიდიული პირების დეპოზიტები | C17: 7.1821795e+09 | D17: 4.1058606e+09 | E17: 1.128804e+10 | F17: 4.2522965e+09 | G17: 2.0229561e+09 | H17: 6.2752526e+09 | I17: 5.2966173e+09 | J17: 1.0514548e+09 | K17: 6.3480721e+09 | L17: 2.6279511e+09 | M17: 3.8233991e+08 | N17: 3.010291e+09 | O17: 1.9359044e+10 | P17: 7.5626114e+09 | Q17: 2.6921656e+10
B18: არარეზიდენტი იურიდიული პირების დეპოზიტები | C18: 76651123 | D18: 1.0153743e+09 | E18: 1.0920254e+09 | F18: 41927819 | G18: 1.3260895e+08 | H18: 1.7453676e+08 | I18: 940769.04 | J18: 52552189 | K18: 53492958 | L18: 5273162 | M18: 1.3560181e+08 | N18: 1.4087497e+08 | O18: 1.2479287e+08 | P18: 1.3361373e+09 | Q18: 1.4609301e+09
B19: ფიზიკური პირების დეპოზიტები | C19: 4.4593988e+09 | D19: 7.9103242e+09 | E19: 1.2369723e+10 | F19: 1.7050641e+09 | G19: 3.8054129e+09 | H19: 5.5104771e+09 | I19: 7.7991246e+09 | J19: 8.3450377e+09 | K19: 1.6144162e+10 | L19: 2.7869994e+09 | M19: 2.7268295e+09 | N19: 5.5138289e+09 | O19: 1.6750587e+10 | P19: 2.2787604e+10 | Q19: 3.9538191e+10
B20: რეზიდენტი ფიზიკური პირების დეპოზიტები | C20: 3.9534978e+09 | D20: 3.9564547e+09 | E20: 7.9099525e+09 | F20: 1.3640086e+09 | G20: 2.668517e+09 | H20: 4.0325256e+09 | I20: 6.1899024e+09 | J20: 6.1089727e+09 | K20: 1.2298875e+10 | L20: 2.1585122e+09 | M20: 1.8786912e+09 | N20: 4.0372034e+09 | O20: 1.3665921e+10 | P20: 1.4612636e+10 | Q20: 2.8278557e+10
B21: არარეზიდენტი ფიზიკური პირების დეპოზიტები | C21: 5.0590104e+08 | D21: 3.9538695e+09 | E21: 4.4597705e+09 | F21: 3.4105557e+08 | G21: 1.1368959e+09 | H21: 1.4779515e+09 | I21: 1.6092222e+09 | J21: 2.236065e+09 | K21: 3.8452872e+09 | L21: 6.2848722e+08 | M21: 8.4813825e+08 | N21: 1.4766255e+09 | O21: 3.084666e+09 | P21: 8.1749686e+09 | Q21: 1.1259635e+10
B22: სულ არასაბანკო იურიდიული და ფიზიკური პირების დეპოზიტები | C22: 1.1718229e+10 | D22: 1.3031559e+10 | E22: 2.4749789e+10 | F22: 5.9992885e+09 | G22: 5.9609779e+09 | H22: 1.1960266e+10 | I22: 1.3096683e+10 | J22: 9.4490447e+09 | K22: 2.2545727e+10 | L22: 5.4202236e+09 | M22: 3.2447712e+09 | N22: 8.6649948e+09 | O22: 3.6234424e+10 | P22: 3.1686353e+10 | Q22: 6.7920777e+10
B23: სულ დეპოზიტები | C23: 1.2396541e+10 | D23: 1.4459839e+10 | E23: 2.685638e+10 | F23: 6.2659811e+09 | G23: 6.0335929e+09 | H23: 1.2299574e+10 | I23: 1.4485329e+10 | J23: 1.0180445e+10 | K23: 2.4665774e+10 | L23: 1.087205e+10 | M23: 3.4029018e+09 | N23: 1.4274952e+10 | O23: 4.4019901e+10 | P23: 3.4076779e+10 | Q23: 7.809668e+10
Q24: =Q23-BS!H31 -> -1.2109985

Sheet RC-D-E
B1: Deposits' Structure of Banking Sector
B2: =BS!B3 -> 46265
B3: Thausands GEL
C4: Current (Accounts) Deposits | F4: Demand Deposits | I4: Time Deposits | L4: Certificates of Deposit (CD) | O4: All Deposits
C5: GEL | D5: FX | E5: Total | F5: GEL | G5: FX | H5: Total | I5: GEL | J5: FX | K5: Total | L5: GEL | M5: FX | N5: Total | O5: GEL | P5: FX | Q5: Total
B6: Financial Sector Deposits
B7: NBG Deposits | C7: ='RC-D'!C7 -> 0 | D7: ='RC-D'!D7 -> 0 | E7: ='RC-D'!E7 -> 0 | F7: ='RC-D'!F7 -> 0 | G7: ='RC-D'!G7 -> 0 | H7: ='RC-D'!H7 -> 0 | I7: ='RC-D'!I7 -> 0 | J7: ='RC-D'!J7 -> 0 | ... Q7: ='RC-D'!Q7 -> 0
B8: Commercial Banks Deposits | C8: ='RC-D'!C8 -> 1.2200065e+08 | D8: ='RC-D'!D8 -> 7.2492144e+08 | E8: ='RC-D'!E8 -> 8.4692209e+08 | F8: ='RC-D'!F8 -> 20611.58 | G8: ='RC-D'!G8 -> 5900814 | H8: ='RC-D'!H8 -> 5921425.5 | I8: ='RC-D'!I8 -> 1.2433056e+09 | J8: ='RC-D'!J8 -> 5.9934805e+08 | ... Q8: ='RC-D'!Q8 -> 2.6954972e+09
B9: Resident banks | C9: ='RC-D'!C9 -> 89500986 | D9: ='RC-D'!D9 -> 4.108154e+08 | E9: ='RC-D'!E9 -> 5.0031639e+08 | F9: ='RC-D'!F9 -> 20611.58 | G9: ='RC-D'!G9 -> 1306.25 | H9: ='RC-D'!H9 -> 21917.83 | I9: ='RC-D'!I9 -> 5.2879217e+08 | J9: ='RC-D'!J9 -> 69980644 | ... Q9: ='RC-D'!Q9 -> 1.0991111e+09
B10: Non-resident banks | C10: ='RC-D'!C10 -> 32499664 | D10: ='RC-D'!D10 -> 3.1410604e+08 | E10: ='RC-D'!E10 -> 3.466057e+08 | F10: ='RC-D'!F10 -> 0 | G10: ='RC-D'!G10 -> 5899507.7 | H10: ='RC-D'!H10 -> 5899507.7 | I10: ='RC-D'!I10 -> 7.1451346e+08 | J10: ='RC-D'!J10 -> 5.2936741e+08 | ... Q10: ='RC-D'!Q10 -> 1.5963861e+09
B11: Nonbank Financial Institutions Deposits | C11: ='RC-D'!C11 -> 5.5631121e+08 | D11: ='RC-D'!D11 -> 7.0335811e+08 | E11: ='RC-D'!E11 -> 1.2596693e+09 | F11: ='RC-D'!F11 -> 2.6667202e+08 | G11: ='RC-D'!G11 -> 66714129 | H11: ='RC-D'!H11 -> 3.3338615e+08 | I11: ='RC-D'!I11 -> 1.4534036e+08 | J11: ='RC-D'!J11 -> 1.3205238e+08 | ... Q11: ='RC-D'!Q11 -> 7.4804055e+09
B12: Resident nonbank financial institutes | C12: ='RC-D'!C12 -> 5.5215097e+08 | D12: ='RC-D'!D12 -> 5.7302116e+08 | E12: ='RC-D'!E12 -> 1.1251721e+09 | F12: ='RC-D'!F12 -> 2.6621083e+08 | G12: ='RC-D'!G12 -> 54941259 | H12: ='RC-D'!H12 -> 3.2115209e+08 | I12: ='RC-D'!I12 -> 1.4534036e+08 | J12: ='RC-D'!J12 -> 1.1338641e+08 | ... Q12: ='RC-D'!Q12 -> 7.3069025e+09
B13: Non-resident nonbank financial institutes | C13: ='RC-D'!C13 -> 4160242.8 | D13: ='RC-D'!D13 -> 1.3033695e+08 | E13: ='RC-D'!E13 -> 1.3449719e+08 | F13: ='RC-D'!F13 -> 461188.75 | G13: ='RC-D'!G13 -> 11772869 | H13: ='RC-D'!H13 -> 12234058 | I13: ='RC-D'!I13 -> 0 | J13: ='RC-D'!J13 -> 18665973 | ... Q13: ='RC-D'!Q13 -> 1.7350301e+08
B14: Total Financial Sector Deposits | C14: ='RC-D'!C14 -> 6.7831186e+08 | D14: ='RC-D'!D14 -> 1.4282795e+09 | E14: ='RC-D'!E14 -> 2.1065914e+09 | F14: ='RC-D'!F14 -> 2.6669263e+08 | G14: ='RC-D'!G14 -> 72614942 | H14: ='RC-D'!H14 -> 3.3930758e+08 | I14: ='RC-D'!I14 -> 1.388646e+09 | J14: ='RC-D'!J14 -> 7.3140043e+08 | ... Q14: ='RC-D'!Q14 -> 1.0175903e+10
B15: Non-financial Sector Deposits
B16: Deposits of Legal Entities | C16: ='RC-D'!C16 -> 7.2588306e+09 | D16: ='RC-D'!D16 -> 5.1212349e+09 | E16: ='RC-D'!E16 -> 1.2380066e+10 | F16: ='RC-D'!F16 -> 4.2942243e+09 | G16: ='RC-D'!G16 -> 2.155565e+09 | H16: ='RC-D'!H16 -> 6.4497894e+09 | I16: ='RC-D'!I16 -> 5.297558e+09 | J16: ='RC-D'!J16 -> 1.104007e+09 | ... Q16: ='RC-D'!Q16 -> 2.8382586e+10
B17: Resident legal entitites | C17: ='RC-D'!C17 -> 7.1821795e+09 | D17: ='RC-D'!D17 -> 4.1058606e+09 | E17: ='RC-D'!E17 -> 1.128804e+10 | F17: ='RC-D'!F17 -> 4.2522965e+09 | G17: ='RC-D'!G17 -> 2.0229561e+09 | H17: ='RC-D'!H17 -> 6.2752526e+09 | I17: ='RC-D'!I17 -> 5.2966173e+09 | J17: ='RC-D'!J17 -> 1.0514548e+09 | ... Q17: ='RC-D'!Q17 -> 2.6921656e+10
B18: Non-resident legal entities | C18: ='RC-D'!C18 -> 76651123 | D18: ='RC-D'!D18 -> 1.0153743e+09 | E18: ='RC-D'!E18 -> 1.0920254e+09 | F18: ='RC-D'!F18 -> 41927819 | G18: ='RC-D'!G18 -> 1.3260895e+08 | H18: ='RC-D'!H18 -> 1.7453676e+08 | I18: ='RC-D'!I18 -> 940769.04 | J18: ='RC-D'!J18 -> 52552189 | ... Q18: ='RC-D'!Q18 -> 1.4609301e+09
B19: Deposits of Individuals | C19: ='RC-D'!C19 -> 4.4593988e+09 | D19: ='RC-D'!D19 -> 7.9103242e+09 | E19: ='RC-D'!E19 -> 1.2369723e+10 | F19: ='RC-D'!F19 -> 1.7050641e+09 | G19: ='RC-D'!G19 -> 3.8054129e+09 | H19: ='RC-D'!H19 -> 5.5104771e+09 | I19: ='RC-D'!I19 -> 7.7991246e+09 | J19: ='RC-D'!J19 -> 8.3450377e+09 | ... Q19: ='RC-D'!Q19 -> 3.9538191e+10
B20: Resident individuals | C20: ='RC-D'!C20 -> 3.9534978e+09 | D20: ='RC-D'!D20 -> 3.9564547e+09 | E20: ='RC-D'!E20 -> 7.9099525e+09 | F20: ='RC-D'!F20 -> 1.3640086e+09 | G20: ='RC-D'!G20 -> 2.668517e+09 | H20: ='RC-D'!H20 -> 4.0325256e+09 | I20: ='RC-D'!I20 -> 6.1899024e+09 | J20: ='RC-D'!J20 -> 6.1089727e+09 | ... Q20: ='RC-D'!Q20 -> 2.8278557e+10
B21: Non-resident individuals | C21: ='RC-D'!C21 -> 5.0590104e+08 | D21: ='RC-D'!D21 -> 3.9538695e+09 | E21: ='RC-D'!E21 -> 4.4597705e+09 | F21: ='RC-D'!F21 -> 3.4105557e+08 | G21: ='RC-D'!G21 -> 1.1368959e+09 | H21: ='RC-D'!H21 -> 1.4779515e+09 | I21: ='RC-D'!I21 -> 1.6092222e+09 | J21: ='RC-D'!J21 -> 2.236065e+09 | ... Q21: ='RC-D'!Q21 -> 1.1259635e+10
B22: Total Non-financial Sector Deposits | C22: ='RC-D'!C22 -> 1.1718229e+10 | D22: ='RC-D'!D22 -> 1.3031559e+10 | E22: ='RC-D'!E22 -> 2.4749789e+10 | F22: ='RC-D'!F22 -> 5.9992885e+09 | G22: ='RC-D'!G22 -> 5.9609779e+09 | H22: ='RC-D'!H22 -> 1.1960266e+10 | I22: ='RC-D'!I22 -> 1.3096683e+10 | J22: ='RC-D'!J22 -> 9.4490447e+09 | ... Q22: ='RC-D'!Q22 -> 6.7920777e+10
B23: Total Deposits | C23: ='RC-D'!C23 -> 1.2396541e+10 | D23: ='RC-D'!D23 -> 1.4459839e+10 | E23: ='RC-D'!E23 -> 2.685638e+10 | F23: ='RC-D'!F23 -> 6.2659811e+09 | G23: ='RC-D'!G23 -> 6.0335929e+09 | H23: ='RC-D'!H23 -> 1.2299574e+10 | I23: ='RC-D'!I23 -> 1.4485329e+10 | J23: ='RC-D'!J23 -> 1.0180445e+10 | ... Q23: ='RC-D'!Q23 -> 7.809668e+10

Sheet Sectors_I
A1: ცხრილი N6 - სასესხო პორტფელი სექტორების მიხედვით
A3: =BS!B3 -> 46265
A4: ათასი ლარი
A5: სექტორები, საცალო პროდუქტები | B5: ფინანსური ინსტრუმენტის ამორტიზირებული ღირებულება | E5: ფინანსური ინსტრუმენტის მოსალოდნელი საკრედიტო ზარალი (BANK) | H5: სესხის ძირი თანხით შეწონილი საპროცენტო განაკვეთი | K5: სესხის ძირი თანხით შეწონილი საშუალო საკონტრაქტო ვადიანობა სტოკზე (თვე) | N5: 91 და მეტი დღით ვადაგადაცილებული ფინანსური ინსტრუმენტების ამორტიზებული ღირებულება | Q5: 1-ი დონის (BANK) საკრედიტო რისკი ფინანსური ინსტრუმენტების ამორტიზირებული ღირებულება | T5: მე-2 დონის (BANK) საკრედიტო რისკი ფინანსური ინსტრუმენტების ამორტიზირებული ღირებულება | W5: მე-3 დონის (BANK) საკრედიტო რისკი ფინანსური ინსტრუმენტების ამორტიზირებული ღირებულება | Z5: შეძენილი ან გამოშვებული, გაუფასურებული (POCI) (BANK) ფინანსური ინსტრუმენტების ამორტიზირებული ღირებულება
B6: GEL | C6: FX | D6: სულ | E6: GEL | F6: FX | G6: სულ | H6: GEL | I6: FX | J6: სულ | K6: GEL | L6: FX | M6: სულ | N6: GEL | O6: FX | P6: სულ | Q6: GEL | R6: FX | S6: სულ | T6: GEL | U6: FX | V6: სულ | W6: GEL | X6: FX | Y6: სულ | Z6: GEL | AA6: FX | AB6: სულ
A7: ბანკთაშორისი ფინანსური ინსტრუმენტები | B7: 1.6071477e+08 | C7: 964804.32 | D7: 1.6167957e+08 | E7: 0 | F7: 1019.9257 | G7: 1019.9257 | H7: 0.0825 | I7: 0.0946234 | J7: 0.0825717 | K7: 1 | L7: 5.92488 | M7: 1.02912 | N7: 0 | O7: 0 | P7: 0 | Q7: 1.6071477e+08 | R7: 964804.32 | S7: 1.6167957e+08 | T7: 0 | U7: 0 | V7: 0 | W7: 0 | X7: 0 | Y7: 0 | Z7: 0 | AA7: 0 | AB7: 0
A8: სახელმწიფო ორგანიზაციები | B8: 7967232.1 | C8: 35295828 | D8: 43263060 | E8: 224503.88 | F8: 493023.92 | G8: 717527.8 | H8: 0.171534 | I8: 0.092222646 | J8: 0.106604 | K8: 45.6325 | L8: 50.82818 | M8: 49.8862 | N8: 124969.95 | O8: 0 | P8: 124969.95 | Q8: 7597461.3 | R8: 35295828 | S8: 42893289 | T8: 60052.94 | U8: 0 | V8: 60052.94 | W8: 309717.85 | X8: 0 | Y8: 309717.85 | Z8: 0 | AA8: 0 | AB8: 0
A9: საფინანსო ინსტიტუტები | B9: 1.0590488e+09 | C9: 3.4638918e+08 | D9: 1.405438e+09 | E9: 2419917.8 | F9: 801069.06 | G9: 3220986.9 | H9: 0.113778 | I9: 0.10788628 | J9: 0.112337 | K9: 23.8893 | L9: 47.477877 | M9: 29.6201 | N9: 633696.27 | O9: 216544.9 | P9: 850241.17 | Q9: 1.0536844e+09 | R9: 3.4323337e+08 | S9: 1.3969177e+09 | T9: 2160291.7 | U9: 2937061.3 | V9: 5097353 | W9: 2207654.9 | X9: 161127.58 | Y9: 2368782.5 | Z9: 996483.58 | AA9: 57618.53 | AB9: 1054102.1
A10: საბითუმო ლომბარდი | B10: 2.7645639e+08 | C10: 4423356.1 | D10: 2.8087974e+08 | E10: 924286.03 | F10: 10760.896 | G10: 935046.92 | H10: 0.142394 | I10: 0.0933731 | J10: 0.141664 | K10: 26.6146 | L10: 100.187 | M10: 27.7768 | N10: 2654.11 | O10: 0 | P10: 2654.11 | Q10: 2.7644885e+08 | R10: 4423356.1 | S10: 2.8087221e+08 | T10: 4885.63 | U10: 0 | V10: 4885.63 | W10: 2654.11 | X10: 0 | Y10: 2654.11 | Z10: 0 | AA10: 0 | AB10: 0
A11: უძრავი ქონების დეველოპმენტი | B11: 2.6565773e+08 | C11: 5.1157464e+09 | D11: 5.3814041e+09 | E11: 17163445 | F11: 25835705 | G11: 42999150 | H11: 0.136131 | I11: 0.10660215 | J11: 0.107959 | K11: 45.0166 | L11: 36.784833 | M11: 37.16 | N11: 21251217 | O11: 73469521 | P11: 94720738 | Q11: 2.3196902e+08 | R11: 4.7275694e+09 | S11: 4.9595385e+09 | T11: 3889576.6 | U11: 2.849234e+08 | V11: 2.8881297e+08 | W11: 29799128 | X11: 96969286 | Y11: 1.2676841e+08 | Z11: 0 | AA11: 6284299.9 | AB11: 6284299.9
A12: უძრავი ქონების მენეჯმენტი | B12: 6.4274064e+08 | C12: 3.8835554e+09 | D12: 4.526296e+09 | E12: 5188176.4 | F12: 23868145 | G12: 29056321 | H12: 0.128583 | I12: 0.089654441 | J12: 0.0950555 | K12: 95.1743 | L12: 112.57495 | M12: 110.058 | N12: 9697129.3 | O12: 45812199 | P12: 55509328 | Q12: 5.9789445e+08 | R12: 3.6261051e+09 | S12: 4.2239996e+09 | T12: 23145571 | U12: 1.9331186e+08 | V12: 2.1645743e+08 | W12: 19023734 | X12: 62071294 | Y12: 81095029 | Z12: 2676884 | AA12: 2067101.8 | AB12: 4743985.8
A13: სამშენებლო კომპანიები (არა დეველოპერები) | B13: 7.2853724e+08 | C13: 4.8024707e+08 | D13: 1.2087843e+09 | E13: 22908481 | F13: 11799128 | G13: 34707609 | H13: 0.141464 | I13: 0.092539659 | J13: 0.121839 | K13: 39.8233 | L13: 64.607039 | M13: 49.639 | N13: 30481486 | O13: 15701412 | P13: 46182898 | Q13: 6.0929941e+08 | R13: 4.3286203e+08 | S13: 1.0421614e+09 | T13: 70231491 | U13: 23395164 | V13: 93626655 | W13: 48349106 | X13: 23989877 | Y13: 72338983 | Z13: 657235.38 | AA13: 0 | AB13: 657235.38
A14: სამშენებლო მასალების მოპოვება, წარმოება და ვაჭრობა | B14: 7.1733916e+08 | C14: 1.4005074e+09 | D14: 2.1178466e+09 | E14: 30337030 | F14: 8907818.4 | G14: 39244848 | H14: 0.136573 | I14: 0.095698349 | J14: 0.109821 | K14: 63.7141 | L14: 66.783394 | M14: 65.709 | N14: 14414922 | O14: 31114218 | P14: 45529139 | Q14: 5.7994792e+08 | R14: 1.3359847e+09 | S14: 1.9159326e+09 | T14: 25064905 | U14: 24787376 | V14: 49852281 | W14: 1.117433e+08 | X14: 37918004 | Y14: 1.496613e+08 | Z14: 583037.51 | AA14: 1817366.5 | AB14: 2400404
A15: სამომხმარებლო საქონლით ვაჭრობა | B15: 1.607032e+09 | C15: 1.2646121e+09 | D15: 2.8716441e+09 | E15: 28380588 | F15: 6917531.5 | G15: 35298120 | H15: 0.131454 | I15: 0.083736681 | J15: 0.11018 | K15: 52.65 | L15: 64.136019 | M15: 57.3741 | N15: 25874870 | O15: 28791849 | P15: 54666719 | Q15: 1.5232786e+09 | R15: 1.174897e+09 | S15: 2.6981756e+09 | T15: 56801262 | U15: 81039306 | V15: 1.3784057e+08 | W15: 25622149 | X15: 8409799.4 | Y15: 34031949 | Z15: 1329957.9 | AA15: 265989.19 | AB15: 1595947.1
A16: სამომხმარებლო საქონლის წარმოება | B16: 1.0879627e+09 | C16: 7.92768e+08 | D16: 1.8807307e+09 | E16: 16480574 | F16: 51613053 | G16: 68093627 | H16: 0.130492 | I16: 0.088225132 | J16: 0.112662 | K16: 60.9791 | L16: 85.756452 | M16: 71.2818 | N16: 14897438 | O16: 19282960 | P16: 34180398 | Q16: 1.0074599e+09 | R16: 5.7471658e+08 | S16: 1.5821765e+09 | T16: 62810877 | U16: 1.2656679e+08 | V16: 1.8937766e+08 | W16: 12920785 | X16: 90995845 | Y16: 1.0391663e+08 | Z16: 4771155.2 | AA16: 488787.4 | AB16: 5259942.6
A17: ხანგრძლივი მოხმარების სამომხმარებლო საქონლის წარმოება და ვაჭრობა | B17: 3.7062095e+08 | C17: 6.0271649e+08 | D17: 9.7333743e+08 | E17: 4811199.6 | F17: 6174518.9 | G17: 10985718 | H17: 0.132042 | I17: 0.081261983 | J17: 0.100358 | K17: 56.692 | L17: 72.040712 | M17: 66.1126 | N17: 4767972.3 | O17: 3684241.7 | P17: 8452214 | Q17: 3.1925796e+08 | R17: 5.532455e+08 | S17: 8.7250346e+08 | T17: 45961553 | U17: 43103184 | V17: 89064737 | W17: 5349223.9 | X17: 5882488.8 | Y17: 11231713 | Z17: 52207.93 | AA17: 485315.92 | AB17: 537523.85
A18: ფეხსაცმლის, ტანსაცმლისა და ტექსტილის წარმოება და ვაჭრობა | B18: 2.950418e+08 | C18: 3.2059867e+08 | D18: 6.1564047e+08 | E18: 3431109.3 | F18: 976319.88 | G18: 4407429.2 | H18: 0.139495 | I18: 0.079532099 | J18: 0.107261 | K18: 48.9836 | L18: 60.565715 | M18: 54.5382 | N18: 4580255.2 | O18: 848357.26 | P18: 5428612.5 | Q18: 2.7832295e+08 | R18: 2.5782167e+08 | S18: 5.3614462e+08 | T18: 10797110 | U18: 61415621 | V18: 72212730 | W18: 5451962.8 | X18: 1297356.3 | Y18: 6749319.1 | Z18: 469783.88 | AA18: 64020.303 | AB18: 533804.18
... A36: სამომხმარებლო სესხები | B36: 1.5711029e+10 | C36: 1.2632843e+09 | D36: 1.6974313e+10 | E36: 4.9091299e+08 | F36: 4897693.7 | G36: 4.9581068e+08 | H36: 0.171851 | I36: 0.074394931 | J36: 0.164837 | K36: 62.725 | L36: 94.930559 | M36: 65.0963 | N36: 2.0740445e+08 | O36: 4808674.8 | P36: 2.1221312e+08 | Q36: 1.4455091e+10 | R36: 1.2114905e+09 | S36: 1.5666582e+10 | T36: 8.859047e+08 | U36: 33444539 | V36: 9.1934924e+08 | W36: 3.5388217e+08 | X36: 15858523 | Y36: 3.6974069e+08 | Z36: 16150831 | AA36: 2490758.5 | AB36: 18641589
A37: სწრაფი სესხები (Pay Day Loans) | B37: 35122.799 | C37: 0 | D37: 35122.799 | E37: 4162.6035 | F37: 0 | G37: 4162.6035 | H37: 0.28425 | J37: 0.28425 | K37: 43.1017 | M37: 43.1017 | N37: 3350.61 | O37: 0 | P37: 3350.61 | Q37: 13985.777 | R37: 0 | S37: 13985.777 | T37: 16397.777 | U37: 0 | V37: 16397.777 | W37: 4739.2452 | X37: 0 | Y37: 4739.2452 | Z37: 0 | AA37: 0 | AB37: 0
A38: მომენტალური განვადება | B38: 6.0727702e+08 | C38: 14.2383 | D38: 6.0727703e+08 | E38: 22320695 | F38: 0 | G38: 22320695 | H38: 0.179239 | J38: 0.179239 | K38: 22.9278 | M38: 22.9278 | N38: 13339471 | O38: 0 | P38: 13339471 | Q38: 5.7100242e+08 | R38: 14.2383 | S38: 5.7100244e+08 | T38: 21407989 | U38: 0 | V38: 21407989 | W38: 14866609 | X38: 0 | Y38: 14866609 | Z38: 0 | AA38: 0 | AB38: 0
A39: ოვერდრაფტები | B39: 74294528 | C39: 9345620.1 | D39: 83640148 | E39: 5854448.7 | F39: 3001815 | G39: 8856263.7 | H39: 0.148047 | I39: 0.099403111 | J39: 0.143626 | K39: 238.274 | L39: 66.175171 | M39: 222.287 | N39: 3778450 | O39: 2764038.4 | P39: 6542488.4 | Q39: 62599597 | R39: 5943326.4 | S39: 68542923 | T39: 7643881.6 | U39: 388375.58 | V39: 8032257.1 | W39: 4049784.9 | X39: 3013918.2 | Y39: 7063703.1 | Z39: 1264.61 | AA39: 0 | AB39: 1264.61
A40: საკრედიტო ბარათები | B40: 6.8761832e+08 | C40: 6187710.8 | D40: 6.9380603e+08 | E40: 25487089 | F40: 1316057.8 | G40: 26803147 | H40: 0.293489 | I40: 0.40341089 | J40: 0.294423 | K40: 328.35 | L40: 300.27466 | M40: 328.095 | N40: 13804289 | O40: 1209517 | P40: 15013806 | Q40: 6.3741455e+08 | R40: 4796963.2 | S40: 6.4221152e+08 | T40: 33988704 | U40: 123705.61 | V40: 34112410 | W40: 15892409 | X40: 1267042 | Y40: 17159451 | Z40: 322650.18 | AA40: 0 | AB40: 322650.18
A41: იპოთეკური სესხები | B41: 1.0479726e+10 | C41: 4.3008653e+09 | D41: 1.4780592e+10 | E41: 28708440 | F41: 21122734 | G41: 49831173 | H41: 0.119243 | I41: 0.075233133 | J41: 0.106484 | K41: 137.253 | L41: 151.78909 | M41: 141.439 | N41: 43415463 | O41: 29130437 | P41: 72545900 | Q41: 1.0076122e+10 | R41: 4.0980595e+09 | S41: 1.4174182e+10 | T41: 2.9293259e+08 | U41: 1.3624525e+08 | V41: 4.2917785e+08 | W41: 82926494 | X41: 55476866 | Y41: 1.3840336e+08 | Z41: 27744723 | AA41: 11083730 | AB41: 38828452
A42: იპოთეკური სესხები - დასრულებული უძრავი ქონების შეძენა | B42: 7.6750195e+09 | C42: 3.614767e+09 | D42: 1.1289786e+10 | E42: 21436316 | F42: 18859191 | G42: 40295507 | H42: 0.118563 | I42: 0.075085603 | J42: 0.104673 | K42: 140.484 | L42: 153.38472 | M42: 144.575 | N42: 35607006 | O42: 26213622 | P42: 61820628 | Q42: 7.352804e+09 | R42: 3.4352909e+09 | S42: 1.0788095e+10 | T42: 2.2499528e+08 | U42: 1.1891657e+08 | V42: 3.4391185e+08 | W42: 69957238 | X42: 49475818 | Y42: 1.1943306e+08 | Z42: 27262913 | AA42: 11083730 | AB42: 38346642
A43: იპოთეკური სესხები - მშენებლობა, მშენებლობის პროცესში მყოფი უძრავი ქონების შეძენა | B43: 1.8391343e+09 | C43: 4.9867963e+08 | D43: 2.337814e+09 | E43: 3912059.5 | F43: 1160349.3 | G43: 5072408.8 | H43: 0.116988 | I43: 0.076022218 | J43: 0.108346 | K43: 138.233 | L43: 138.17045 | M43: 138.221 | N43: 4847074.6 | O43: 807520.57 | P43: 5654595.2 | Q43: 1.7844202e+09 | R43: 4.8297512e+08 | S43: 2.2673953e+09 | T43: 46619096 | U43: 12260563 | V43: 58879659 | W43: 7927838 | X43: 3443945.6 | Y43: 11371784 | Z43: 167222.65 | AA43: 0 | AB43: 167222.65
A44: იპოთეკური სესხები - უძრავი ქონების რემონტისათვის | B44: 9.6557243e+08 | C44: 1.8741866e+08 | D44: 1.1529911e+09 | E44: 3360064.2 | F44: 1103193.6 | G44: 4463257.8 | H44: 0.12702 | I44: 0.076201986 | J44: 0.118956 | K44: 109.715 | L44: 157.27857 | M44: 117.328 | N44: 2961382.9 | O44: 2109294 | P44: 5070676.9 | Q44: 9.3889821e+08 | R44: 1.7979344e+08 | S44: 1.1186917e+09 | T44: 21318216 | U44: 5068121.7 | V44: 26386338 | W44: 5041417.9 | X44: 2557102.6 | Y44: 7598520.5 | Z44: 314587.33 | AA44: 0 | AB44: 314587.33
A45: საცალო ლომბარდული სესხები | B45: 7.0912461e+08 | C45: 439526.36 | D45: 7.0956414e+08 | E45: 3682636.2 | F45: 48698.457 | G45: 3731334.7 | H45: 0.198841 | I45: 0.195118 | J45: 0.198843 | K45: 13.1365 | L45: 156.714 | M45: 13.219 | N45: 10459308 | O45: 54308.555 | P45: 10513616 | Q45: 6.7083876e+08 | R45: 369299.02 | S45: 6.7120806e+08 | T45: 20677790 | U45: 8670.1893 | V45: 20686460 | W45: 17608057 | X45: 61557.145 | Y45: 17669614 | Z45: 0 | AA45: 0 | AB45: 0
A46: სტუდენტური სესხები | B46: 7842287.1 | C46: 23929.078 | D46: 7866216.2 | E46: 208138.5 | F46: 322.0665 | G46: 208460.57 | H46: 0.0425623 | I46: 0.07 | J46: 0.0425537 | K46: 64.7859 | L46: 121.733 | M46: 64.9769 | N46: 46863.09 | O46: 0 | P46: 46863.09 | Q46: 7655910.3 | R46: 23929.078 | S46: 7679839.4 | T46: 94028.04 | U46: 0 | V46: 94028.04 | W46: 92348.77 | X46: 0 | Y46: 92348.77 | Z46: 0 | AA46: 0 | AB46: 0
A47: საკრედიტო პორტფელი (ბანკთაშორისი სესხების გარდა) | B47: 4.5814096e+10 | C47: 3.2102618e+10 | D47: 7.7916715e+10 | E47: 9.425495e+08 | F47: 3.0265619e+08 | G47: 1.2452057e+09 | H47: 0.161481 | I47: 0.091384503 | J47: 0.124805 | K47: 84.1372 | L47: 91.779148 | M47: 86.0448 | N47: 6.9702957e+08 | O47: 5.2026211e+08 | P47: 1.2172917e+09 | Q47: 4.2551719e+10 | R47: 2.9069164e+10 | S47: 7.1620884e+10 | T47: 2.0675474e+09 | U47: 2.1664703e+09 | V47: 4.2340177e+09 | W47: 1.1290783e+09 | X47: 8.1502891e+08 | Y47: 1.9441072e+09 | Z47: 65751142 | AA47: 51954931 | AB47: 1.1770607e+08
A48: კორპორატიული სეგმენტი | B48: 7.5709838e+09 | C48: 1.9335574e+10 | D48: 2.6906558e+10 | E48: 1.4525011e+08 | F48: 1.676093e+08 | G48: 3.1285941e+08 | H48: 0.127546 | I48: 0.095466304 | J48: 0.104492 | K48: 58.6965 | L48: 77.298891 | M48: 72.0737 | N48: 1.39477e+08 | O48: 2.3089921e+08 | P48: 3.7037621e+08 | Q48: 6.9468525e+09 | R48: 1.730039e+10 | S48: 2.4247243e+10 | T48: 3.4669647e+08 | U48: 1.6427555e+09 | V48: 1.989452e+09 | W48: 2.7390453e+08 | X48: 3.8140004e+08 | Y48: 6.5530457e+08 | Z48: 3530274.4 | AA48: 11028606 | AB48: 14558880
A49: მცირე და საშუალო სეგმენტი | B49: 4.4318049e+09 | C49: 6.484095e+09 | D49: 1.09159e+10 | E49: 97928499 | F49: 93078630 | G49: 1.9100713e+08 | H49: 0.133243 | I49: 0.082002577 | J49: 0.102787 | K49: 75.3017 | L49: 94.056924 | M49: 86.494 | N49: 1.426357e+08 | O49: 2.2810819e+08 | P49: 3.7074388e+08 | Q49: 3.9961533e+09 | R49: 5.8259881e+09 | S49: 9.8221413e+09 | T49: 2.1892053e+08 | U49: 3.0712192e+08 | V49: 5.2604244e+08 | W49: 2.0735e+08 | X49: 3.243236e+08 | Y49: 5.316736e+08 | Z49: 9381113 | AA49: 26661436 | AB49: 36042549
A50: მიკრო სეგმენტი | B50: 9.0085559e+09 | C50: 1.1442577e+09 | D50: 1.0152814e+10 | E50: 2.2248992e+08 | F50: 14004806 | G50: 2.3649473e+08 | H50: 0.155149 | I50: 0.079306597 | J50: 0.146882 | K50: 62.8315 | L50: 106.44024 | M50: 67.7554 | N50: 1.7235396e+08 | O50: 24653755 | P50: 1.9700772e+08 | Q50: 8.35982e+09 | R50: 1.0433535e+09 | S50: 9.4031734e+09 | T50: 4.0967144e+08 | U50: 61878248 | V50: 4.7154969e+08 | W50: 2.2953579e+08 | X50: 36192849 | Y50: 2.6572864e+08 | Z50: 9528681.8 | AA50: 2833102.9 | AB50: 12361785
A51: საცალო სეგმენტი | B51: 2.4712981e+10 | C51: 5.1383799e+09 | D51: 2.9851361e+10 | E51: 4.7577154e+08 | F51: 27954027 | G51: 5.0372557e+08 | H51: 0.153903 | I51: 0.075159963 | J51: 0.137363 | K51: 96.957 | L51: 140.26144 | M51: 104.148 | N51: 2.4053952e+08 | O51: 36546037 | P51: 2.7708555e+08 | Q51: 2.315404e+10 | R51: 4.899121e+09 | S51: 2.8053161e+10 | T51: 1.0944778e+09 | U51: 1.5471464e+08 | V51: 1.2491924e+09 | W51: 4.2115211e+08 | X51: 73112420 | Y51: 4.9426453e+08 | Z51: 43311073 | AA51: 11431786 | AB51: 54742860
A53: სხვაობა: საიჯარო მოთხოვნები, რომლებსაც ბანკი ვერ აკლასიფიცირებს | B53: =D7+D47-BS!E31 -> -18337146

Sheet Sectors_I-E
A1: Table N 7 - Credit portfolio by sectors
A3: =BS!B3 -> 46265
A4: in 1000 GEL
A5: Sectors, retail products | B5: Amortised Cost | E5: ECL (BANK) | H5: Interest rate weighted by loan principal | K5: Average contract maturity on stock weighted by loan principal (month) | N5: Amortised cost of financial instruments overdue by 91 days and more | Q5: Amortised cost of Stage 1 (BANK) financial instruments | T5: Amortised cost of Stage 2 (BANK) financial isntruments | W5: Amortised cost of Stage 3 (BANK) financial instruments | Z5: Amortised cost of purchased or originated, credit-impaired (POCI) (BANK) financial instruments
B6: GEL | C6: FX | D6: Total | E6: GEL | F6: FX | G6: Total | H6: GEL | I6: FX | J6: Total | K6: GEL | L6: FX | M6: Total | N6: GEL | O6: FX | P6: Total | Q6: GEL | R6: FX | S6: Total | T6: GEL | U6: FX | V6: Total | W6: GEL | X6: FX | Y6: Total | Z6: GEL | AA6: FX | AB6: Total
A7: Interbank Financial Instruments | B7: =Sectors_I!B7 -> 1.6071477e+08 | C7: =Sectors_I!C7 -> 964804.32 | D7: =Sectors_I!D7 -> 1.6167957e+08 | E7: =Sectors_I!E7 -> 0 | F7: =Sectors_I!F7 -> 1019.9257 | G7: =Sectors_I!G7 -> 1019.9257 | H7: =Sectors_I!H7 -> 0.0825 | I7: =Sectors_I!I7 -> 0.0946234 | ... AB7: =Sectors_I!AB7 -> 0
A8: State | B8: =Sectors_I!B8 -> 7967232.1 | C8: =Sectors_I!C8 -> 35295828 | D8: =Sectors_I!D8 -> 43263060 | E8: =Sectors_I!E8 -> 224503.88 | F8: =Sectors_I!F8 -> 493023.92 | G8: =Sectors_I!G8 -> 717527.8 | H8: =Sectors_I!H8 -> 0.171534 | I8: =Sectors_I!I8 -> 0.092222646 | ... AB8: =Sectors_I!AB8 -> 0
A9: Financial Institutions | B9: =Sectors_I!B9 -> 1.0590488e+09 | C9: =Sectors_I!C9 -> 3.4638918e+08 | D9: =Sectors_I!D9 -> 1.405438e+09 | E9: =Sectors_I!E9 -> 2419917.8 | F9: =Sectors_I!F9 -> 801069.06 | G9: =Sectors_I!G9 -> 3220986.9 | H9: =Sectors_I!H9 -> 0.113778 | I9: =Sectors_I!I9 -> 0.10788628 | ... AB9: =Sectors_I!AB9 -> 1054102.1
A10: Wholesale Pawn Shop | B10: =Sectors_I!B10 -> 2.7645639e+08 | C10: =Sectors_I!C10 -> 4423356.1 | D10: =Sectors_I!D10 -> 2.8087974e+08 | E10: =Sectors_I!E10 -> 924286.03 | F10: =Sectors_I!F10 -> 10760.896 | G10: =Sectors_I!G10 -> 935046.92 | H10: =Sectors_I!H10 -> 0.142394 | I10: =Sectors_I!I10 -> 0.0933731 | ... AB10: =Sectors_I!AB10 -> 0
A11: Real Estate Development | B11: =Sectors_I!B11 -> 2.6565773e+08 | C11: =Sectors_I!C11 -> 5.1157464e+09 | D11: =Sectors_I!D11 -> 5.3814041e+09 | E11: =Sectors_I!E11 -> 17163445 | F11: =Sectors_I!F11 -> 25835705 | G11: =Sectors_I!G11 -> 42999150 | H11: =Sectors_I!H11 -> 0.136131 | I11: =Sectors_I!I11 -> 0.10660215 | ... AB11: =Sectors_I!AB11 -> 6284299.9
A12: Real Estate Management | B12: =Sectors_I!B12 -> 6.4274064e+08 | C12: =Sectors_I!C12 -> 3.8835554e+09 | D12: =Sectors_I!D12 -> 4.526296e+09 | E12: =Sectors_I!E12 -> 5188176.4 | F12: =Sectors_I!F12 -> 23868145 | G12: =Sectors_I!G12 -> 29056321 | H12: =Sectors_I!H12 -> 0.128583 | I12: =Sectors_I!I12 -> 0.089654441 | ... AB12: =Sectors_I!AB12 -> 4743985.8
A13: Construction Companies | B13: =Sectors_I!B13 -> 7.2853724e+08 | C13: =Sectors_I!C13 -> 4.8024707e+08 | D13: =Sectors_I!D13 -> 1.2087843e+09 | E13: =Sectors_I!E13 -> 22908481 | F13: =Sectors_I!F13 -> 11799128 | G13: =Sectors_I!G13 -> 34707609 | H13: =Sectors_I!H13 -> 0.141464 | I13: =Sectors_I!I13 -> 0.092539659 | ... AB13: =Sectors_I!AB13 -> 657235.38
A14: Production and Trade of Construction Materials | B14: =Sectors_I!B14 -> 7.1733916e+08 | C14: =Sectors_I!C14 -> 1.4005074e+09 | D14: =Sectors_I!D14 -> 2.1178466e+09 | E14: =Sectors_I!E14 -> 30337030 | F14: =Sectors_I!F14 -> 8907818.4 | G14: =Sectors_I!G14 -> 39244848 | H14: =Sectors_I!H14 -> 0.136573 | I14: =Sectors_I!I14 -> 0.095698349 | ... AB14: =Sectors_I!AB14 -> 2400404
A15: Trade of Consumer Foods and Goods | B15: =Sectors_I!B15 -> 1.607032e+09 | C15: =Sectors_I!C15 -> 1.2646121e+09 | D15: =Sectors_I!D15 -> 2.8716441e+09 | E15: =Sectors_I!E15 -> 28380588 | F15: =Sectors_I!F15 -> 6917531.5 | G15: =Sectors_I!G15 -> 35298120 | H15: =Sectors_I!H15 -> 0.131454 | I15: =Sectors_I!I15 -> 0.083736681 | ... AB15: =Sectors_I!AB15 -> 1595947.1
A16: Production of Consumer Foods and Goods | B16: =Sectors_I!B16 -> 1.0879627e+09 | C16: =Sectors_I!C16 -> 7.92768e+08 | D16: =Sectors_I!D16 -> 1.8807307e+09 | E16: =Sectors_I!E16 -> 16480574 | F16: =Sectors_I!F16 -> 51613053 | G16: =Sectors_I!G16 -> 68093627 | H16: =Sectors_I!H16 -> 0.130492 | I16: =Sectors_I!I16 -> 0.088225132 | ... AB16: =Sectors_I!AB16 -> 5259942.6
A17: Production and Trade of Durable Goods | B17: =Sectors_I!B17 -> 3.7062095e+08 | C17: =Sectors_I!C17 -> 6.0271649e+08 | D17: =Sectors_I!D17 -> 9.7333743e+08 | E17: =Sectors_I!E17 -> 4811199.6 | F17: =Sectors_I!F17 -> 6174518.9 | G17: =Sectors_I!G17 -> 10985718 | H17: =Sectors_I!H17 -> 0.132042 | I17: =Sectors_I!I17 -> 0.081261983 | ... AB17: =Sectors_I!AB17 -> 537523.85
A18: Production and Trade of Clothes, Shoes and Textiles | B18: =Sectors_I!B18 -> 2.950418e+08 | C18: =Sectors_I!C18 -> 3.2059867e+08 | D18: =Sectors_I!D18 -> 6.1564047e+08 | E18: =Sectors_I!E18 -> 3431109.3 | F18: =Sectors_I!F18 -> 976319.88 | G18: =Sectors_I!G18 -> 4407429.2 | H18: =Sectors_I!H18 -> 0.139495 | I18: =Sectors_I!I18 -> 0.079532099 | ... AB18: =Sectors_I!AB18 -> 533804.18
... A51: Retail Segment | B51: =Sectors_I!B51 -> 2.4712981e+10 | C51: =Sectors_I!C51 -> 5.1383799e+09 | D51: =Sectors_I!D51 -> 2.9851361e+10 | E51: =Sectors_I!E51 -> 4.7577154e+08 | F51: =Sectors_I!F51 -> 27954027 | G51: =Sectors_I!G51 -> 5.0372557e+08 | H51: =Sectors_I!H51 -> 0.153903 | I51: =Sectors_I!I51 -> 0.075159963 | ... AB51: =Sectors_I!AB51 -> 54742860

Sheet A-CP
A1: ცხრილი N7 - სასესხო პორტფელის განაწილება
B3: =BS!B3 -> 46265
B5: საკონტრაქტო ვადიანობის მიხედვით
C6: სესხების რაოდენობა | D6: წილი სესხების მთლიან რაოდენობაში | E6: სესხების ძირი თანხის მოცულობა | F6: წილი სესხების მთლიან მოცულობაში
B7: 1 თვის ჩათვლით | C7: 353625 | D7: 0.079730604 | E7: 7.979773e+08 | F7: 0.010298741
B8: 1 თვიდან 3 თვის ჩათვლით | C8: 45208 | D8: 0.010192891 | E8: 8.3681237e+08 | F8: 0.010799949
B9: 3 თვიდან 6 თვის ჩათვლით | C9: 400044 | D9: 0.090196535 | E9: 1.1513694e+09 | F9: 0.014859639
B10: 6 თვიდან 1 წლის ჩათვლით | C10: 720807 | D10: 0.16251786 | E10: 5.0992726e+09 | F10: 0.065811505
B11: 1 წლიდან 2 წლის ჩათვლით | C11: 654875 | D11: 0.1476524 | E11: 5.7276816e+09 | F11: 0.073921787
B12: 2 წლიდან 5 წლის ჩათვლით | C12: 1632362 | D12: 0.368043 | E12: 2.3173722e+10 | F12: 0.29908138
B13: 5 წლიდან 10 წლის ჩათვლით | C13: 168070 | D13: 0.037894161 | E13: 1.3979575e+10 | F13: 0.1804212
B14: 10 წელზე მეტი | C14: 460257 | D14: 0.10377255 | E14: 2.6716586e+10 | F14: 0.3448058
B15: სულ | C15: 4435248 | D15: 1 | E15: 7.7482996e+10 | F15: 1
B18: საკონტრაქტო თანხის მიხედვით
C19: სესხების რაოდენობა | D19: წილი სესხების მთლიან რაოდენობაში | E19: სესხების ძირი თანხის მოცულობა | F19: წილი სესხების მთლიან მოცულობაში
B20: 1 GELდან 1,000 GELს ჩათვლით | C20: 1661462 | D20: 0.374604 | E20: 6.7120562e+08 | F20: 0.0086626183
B21: 1,000 GELდან 2,000 GELს ჩათვლით | C21: 632823 | D21: 0.14268038 | E21: 6.7090982e+08 | F21: 0.0086588008
B22: 2,000 GELდან 20,000 GELს ჩათვლით | C22: 1597504 | D22: 0.36018361 | E22: 8.1404573e+09 | F22: 0.10506121
B23: 20,000 GELდან 50,000 GELს ჩათვლით | C23: 287214 | D23: 0.064757131 | E23: 7.0069882e+09 | F23: 0.090432592
B24: 50,000 GELდან 100,000 GELს ჩათვლით | C24: 117136 | D24: 0.026410242 | E24: 6.3929062e+09 | F24: 0.082507214
B25: 100,000 GELდან 500,000 GELს ჩათვლით | C25: 119328 | D25: 0.026904465 | E25: 1.7467094e+10 | F25: 0.22543132
B26: 500,000 GELდან 1,000,000 GELს ჩათვლით | C26: 10023 | D26: 0.0022598506 | E26: 5.2797567e+09 | F26: 0.068140843
B27: 1,000,000 GELდან 2,000,000 GELს ჩათვლით | C27: 4884 | D27: 0.0011011783 | E27: 5.0205777e+09 | F27: 0.064795865
B28: 2,000,000 GELდან 5,000,000 GELს ჩათვლით | C28: 2827 | D28: 0.00063739375 | E28: 6.2893344e+09 | F28: 0.081170511
B29: 5,000,000 ლარზე მეტი | C29: 2048 | D29: 0.00046175536 | E29: 2.0543766e+10 | F29: 0.26513902
B30: სულ | C30: 4435249 | D30: 1 | E30: 7.7482996e+10 | F30: 1
B33: საკონტრაქტო საპროცენტო განაკვეთის მიხედვით
C34: სესხების რაოდენობა | D34: წილი სესხების მთლიან რაოდენობაში | E34: სესხების ძირი თანხის მოცულობა | F34: წილი სესხების მთლიან მოცულობაში
B35: 0 % დან 5 % ჩათვლით | C35: 596016 | D35: 0.13438166 | E35: 1.0263376e+09 | F35: 0.013245972
B36: 5 % დან 10 % ჩათვლით | C36: 269369 | D36: 0.060733695 | E36: 2.4216634e+10 | F36: 0.31254128
B37: 10 % დან 15 % ჩათვლით | C37: 965473 | D37: 0.21768185 | E37: 3.8793947e+10 | F37: 0.50067691
B38: 15 % დან 20 % ჩათვლით | C38: 689995 | D38: 0.15557078 | E38: 7.4377809e+09 | F38: 0.095992428
B39: 20 % დან 25 % ჩათვლით | C39: 798748 | D39: 0.18009094 | E39: 2.9625715e+09 | F39: 0.038235118
B40: 25 % დან 30 % ჩათვლით | C40: 471062 | D40: 0.10620872 | E40: 1.6864272e+09 | F40: 0.021765126
B41: 30 % დან 35 % ჩათვლით | C41: 241876 | D41: 0.054534944 | E41: 5.94979e+08 | F41: 0.0076788332
B42: 35 % დან 40 % ჩათვლით | C42: 330937 | D42: 0.074615219 | E42: 4.5752541e+08 | F42: 0.0059048492
B43: 40 % დან 45 % ჩათვლით | C43: 30847 | D43: 0.0069549662 | E43: 2.3541373e+08 | F43: 0.0030382631
B44: 45 % დან 50 % ჩათვლით | C44: 40854 | D44: 0.0092112098 | E44: 70178542 | F44: 0.0009057283
B45: 50 % ზე მეტი | C45: 71 | D45: 1.6008124e-05 | E45: 1200790.9 | F45: 1.5497477e-05
B46: სულ | C46: 4435248 | D46: 1 | E46: 7.7482996e+10 | F46: 1

Sheet A-CP-E
A1: Table N 7 - Credit portfolio distribution
B3: =BS!B3 -> 46265
B5: by contract maturity
C6: Number of Loans | D6: % of Total Number | E6: Principal Amount of Loans | F6: % of Total Amount
B7: Up to 1 Month | C7: ='A-CP'!C7 -> 353625 | D7: ='A-CP'!D7 -> 0.079730604 | E7: ='A-CP'!E7 -> 7.979773e+08 | F7: ='A-CP'!F7 -> 0.010298741
B8: 1-3 Months | C8: ='A-CP'!C8 -> 45208 | D8: ='A-CP'!D8 -> 0.010192891 | E8: ='A-CP'!E8 -> 8.3681237e+08 | F8: ='A-CP'!F8 -> 0.010799949
B9: 3-6 Months | C9: ='A-CP'!C9 -> 400044 | D9: ='A-CP'!D9 -> 0.090196535 | E9: ='A-CP'!E9 -> 1.1513694e+09 | F9: ='A-CP'!F9 -> 0.014859639
B10: 6-12 Months | C10: ='A-CP'!C10 -> 720807 | D10: ='A-CP'!D10 -> 0.16251786 | E10: ='A-CP'!E10 -> 5.0992726e+09 | F10: ='A-CP'!F10 -> 0.065811505
B11: 1-2 Years | C11: ='A-CP'!C11 -> 654875 | D11: ='A-CP'!D11 -> 0.1476524 | E11: ='A-CP'!E11 -> 5.7276816e+09 | F11: ='A-CP'!F11 -> 0.073921787
B12: 2-5 Years | C12: ='A-CP'!C12 -> 1632362 | D12: ='A-CP'!D12 -> 0.368043 | E12: ='A-CP'!E12 -> 2.3173722e+10 | F12: ='A-CP'!F12 -> 0.29908138
B13: 5-10Years | C13: ='A-CP'!C13 -> 168070 | D13: ='A-CP'!D13 -> 0.037894161 | E13: ='A-CP'!E13 -> 1.3979575e+10 | F13: ='A-CP'!F13 -> 0.1804212
B14: more than 12 Years | C14: ='A-CP'!C14 -> 460257 | D14: ='A-CP'!D14 -> 0.10377255 | E14: ='A-CP'!E14 -> 2.6716586e+10 | F14: ='A-CP'!F14 -> 0.3448058
B15: Total | C15: ='A-CP'!C15 -> 4435248 | D15: ='A-CP'!D15 -> 1 | E15: ='A-CP'!E15 -> 7.7482996e+10 | F15: ='A-CP'!F15 -> 1
B18: by contract amount
C19: Number of Loans | D19: % of Total Number | E19: Principal Amount of Loans | F19: % of Total Amount
B20: up to 1,000 GEL | C20: ='A-CP'!C20 -> 1661462 | D20: ='A-CP'!D20 -> 0.374604 | E20: ='A-CP'!E20 -> 6.7120562e+08 | F20: ='A-CP'!F20 -> 0.0086626183
B21: 1,000 - 2,000 GEL | C21: ='A-CP'!C21 -> 632823 | D21: ='A-CP'!D21 -> 0.14268038 | E21: ='A-CP'!E21 -> 6.7090982e+08 | F21: ='A-CP'!F21 -> 0.0086588008
B22: 2,000 - 20,000 GEL | C22: ='A-CP'!C22 -> 1597504 | D22: ='A-CP'!D22 -> 0.36018361 | E22: ='A-CP'!E22 -> 8.1404573e+09 | F22: ='A-CP'!F22 -> 0.10506121
B23: 20,000 - 50,000 GEL | C23: ='A-CP'!C23 -> 287214 | D23: ='A-CP'!D23 -> 0.064757131 | E23: ='A-CP'!E23 -> 7.0069882e+09 | F23: ='A-CP'!F23 -> 0.090432592
B24: 50,000 - 100,000 GEL | C24: ='A-CP'!C24 -> 117136 | D24: ='A-CP'!D24 -> 0.026410242 | E24: ='A-CP'!E24 -> 6.3929062e+09 | F24: ='A-CP'!F24 -> 0.082507214
B25: 100,000 - 500,000 GEL | C25: ='A-CP'!C25 -> 119328 | D25: ='A-CP'!D25 -> 0.026904465 | E25: ='A-CP'!E25 -> 1.7467094e+10 | F25: ='A-CP'!F25 -> 0.22543132
B26: 500,000 - 1,000,000 GEL | C26: ='A-CP'!C26 -> 10023 | D26: ='A-CP'!D26 -> 0.0022598506 | E26: ='A-CP'!E26 -> 5.2797567e+09 | F26: ='A-CP'!F26 -> 0.068140843
B27: 1,000,000 - 2,000,000 GEL | C27: ='A-CP'!C27 -> 4884 | D27: ='A-CP'!D27 -> 0.0011011783 | E27: ='A-CP'!E27 -> 5.0205777e+09 | F27: ='A-CP'!F27 -> 0.064795865
B28: 2,000,000 - 5,000,000 GEL | C28: ='A-CP'!C28 -> 2827 | D28: ='A-CP'!D28 -> 0.00063739375 | E28: ='A-CP'!E28 -> 6.2893344e+09 | F28: ='A-CP'!F28 -> 0.081170511
B29: more than 5,000,000 GEL | C29: ='A-CP'!C29 -> 2048 | D29: ='A-CP'!D29 -> 0.00046175536 | E29: ='A-CP'!E29 -> 2.0543766e+10 | F29: ='A-CP'!F29 -> 0.26513902
B30: Total | C30: ='A-CP'!C30 -> 4435249 | D30: ='A-CP'!D30 -> 1 | E30: ='A-CP'!E30 -> 7.7482996e+10 | F30: ='A-CP'!F30 -> 1
B33: by contract interest rate
C34: Number of Loans | D34: % of Total Number | E34: Principal Amount of Loans | F34: % of Total Amount
B35: 0%-5% | C35: ='A-CP'!C35 -> 596016 | D35: ='A-CP'!D35 -> 0.13438166 | E35: ='A-CP'!E35 -> 1.0263376e+09 | F35: ='A-CP'!F35 -> 0.013245972
B36: 5%-10% | C36: ='A-CP'!C36 -> 269369 | D36: ='A-CP'!D36 -> 0.060733695 | E36: ='A-CP'!E36 -> 2.4216634e+10 | F36: ='A-CP'!F36 -> 0.31254128
B37: 10%-15% | C37: ='A-CP'!C37 -> 965473 | D37: ='A-CP'!D37 -> 0.21768185 | E37: ='A-CP'!E37 -> 3.8793947e+10 | F37: ='A-CP'!F37 -> 0.50067691
B38: 15%-20% | C38: ='A-CP'!C38 -> 689995 | D38: ='A-CP'!D38 -> 0.15557078 | E38: ='A-CP'!E38 -> 7.4377809e+09 | F38: ='A-CP'!F38 -> 0.095992428
B39: 20%-25% | C39: ='A-CP'!C39 -> 798748 | D39: ='A-CP'!D39 -> 0.18009094 | E39: ='A-CP'!E39 -> 2.9625715e+09 | F39: ='A-CP'!F39 -> 0.038235118
B40: 25%-30% | C40: ='A-CP'!C40 -> 471062 | D40: ='A-CP'!D40 -> 0.10620872 | E40: ='A-CP'!E40 -> 1.6864272e+09 | F40: ='A-CP'!F40 -> 0.021765126
B41: 30%-35% | C41: ='A-CP'!C41 -> 241876 | D41: ='A-CP'!D41 -> 0.054534944 | E41: ='A-CP'!E41 -> 5.94979e+08 | F41: ='A-CP'!F41 -> 0.0076788332
B42: 35%-40% | C42: ='A-CP'!C42 -> 330937 | D42: ='A-CP'!D42 -> 0.074615219 | E42: ='A-CP'!E42 -> 4.5752541e+08 | F42: ='A-CP'!F42 -> 0.0059048492
B43: 40%-45% | C43: ='A-CP'!C43 -> 30847 | D43: ='A-CP'!D43 -> 0.0069549662 | E43: ='A-CP'!E43 -> 2.3541373e+08 | F43: ='A-CP'!F43 -> 0.0030382631
B44: 45%-50% | C44: ='A-CP'!C44 -> 40854 | D44: ='A-CP'!D44 -> 0.0092112098 | E44: ='A-CP'!E44 -> 70178542 | F44: ='A-CP'!F44 -> 0.0009057283
B45: more than 50% | C45: ='A-CP'!C45 -> 71 | D45: ='A-CP'!D45 -> 1.6008124e-05 | E45: ='A-CP'!E45 -> 1200790.9 | F45: ='A-CP'!F45 -> 1.5497477e-05
B46: Total | C46: ='A-CP'!C46 -> 4435248 | D46: ='A-CP'!D46 -> 1 | E46: ='A-CP'!E46 -> 7.7482996e+10 | F46: ='A-CP'!F46 -> 1
